 Dungeon Crawl Stone Soup version 0.24.0-125-gc4c63601f3 (webtiles) character file.

Game seed: 16818192656651874936, levelgen mode: deterministic

17049619 Nebukadnezar the Heavyweight Champion (level 27, 317/317 HPs)
             Began as a Troll Gladiator on Feb 18, 2020.
             Was the Champion of the Shining One.
             Escaped with the Orb
             ... and 15 runes on Feb 19, 2020!
             The game lasted 12:30:30 (91822 turns).

Nebukadnezar the Heavyweight Champion (TrGl)       Turns: 91822, Time: 12:30:31

Health: 317/317    AC: 16    Str: 30    XL:     27
Magic:  26/42      EV: 22    Int: 13    God:    the Shining One [******]
Gold:   2777       SH: 33    Dex: 21    Spells: 24/58 levels left

rFire    + + +     SeeInvis +     - Unarmed
rCold    + + .     Gourm    +   Z - +6 large shield {rPois}
rNeg     + + +     Faith    .   i - +1 swamp dragon scales of the Skies Above {rPois rF+ MR+ SInv}
rPois    +         Spirit   .   r - +1 hat "Binak" {rF+ MR++}
rElec    +         Reflect  +   S - scarf {rC+ rF+}
rCorr    .         Harm     .   (gloves unavailable)
MR       +++++                  (boots unavailable)
Stlth    +.........             u - amulet "Ytze Fea" {Reflect rElec rN++ MR+ SH+5}
HPRegen  1.02/turn              j - ring "Fohat" {rC+ MR+ Dex+5}
MPRegen  0.28/turn              s - ring "Xudghes" {Wiz rPois Dex+5}

@: hasted (expiring), glowing, very quick
A: large, unfitting armour, claws 3, fast metabolism 3, gourmand, poison
resistance, regeneration 1, shaggy fur 1, tough skin 3
0: Orb of Zot
}: 15/15 runes: barnacled, slimy, silver, golden, iron, obsidian, icy, bone,
abyssal, demonic, glowing, magical, fiery, dark, gossamer
a: Divine Shield, Cleansing Flame, Summon Divine Warrior, Brand Weapon With Holy
Wrath, Renounce Religion


You escaped.
You worshipped the Shining One.
The Shining One was exalted by your worship.
You were full.

You visited 18 branches of the dungeon, and saw 90 of its levels.
You visited Pandemonium 1 time, and saw 21 of its levels.
You visited the Abyss 9 times.
You visited 1 ziggurat, and saw 20 of its levels.
You also visited: Gauntlet and Ice Cave.

You collected 17524 gold pieces.
You spent 14747 gold pieces at shops.

Inventory:

Missiles
 a - 35 silver javelins
 n - 17 throwing nets (quivered)
 A - 3 boomerangs of dispersal
 O - 188 large rocks
 P - 50 atropa-tipped darts
Armour
 i - the +1 swamp dragon scales of the Skies Above (worn) {rPois rF+ MR+ SInv}
   (Okawaru gifted it to you in an ice cave)

   It protects you from fire.
   It protects you from poison.
   It affects your resistance to hostile enchantments.
   It lets you see invisible.
 r - the +1 hat "Binak" (worn) {rF+ MR++}
   (Okawaru gifted it to you on level 4 of the Realm of Zot)

   It protects you from fire.
   It affects your resistance to hostile enchantments.
 R - a +2 cloak of magic resistance
 S - a scarf of resistance (worn)
 Z - a +6 large shield of poison resistance (worn)
Jewellery
 c - the amulet "Vounakag" {Acrobat rF+ Str+4 Dex+3}
   (You found it on level 3 of the Tomb of the Ancients)

   [amulet of the acrobat]

   It helps you evade while moving and waiting.
   It affects your strength (+4).
   It affects your dexterity (+3).
   It protects you from fire.
 j - the ring "Fohat" (left claw) {rC+ MR+ Dex+5}
   (You found it in a Gauntlet)

   [ring of dexterity]

   It affects your dexterity (+5).
   It protects you from cold.
   It affects your resistance to hostile enchantments.
 s - the ring "Xudghes" (right claw) {Wiz rPois Dex+5}
   (You took it off a deep elf sorcerer on level 3 of the Elven Halls)

   [ring of wizardry]

   It improves your spell success rate.
   It affects your dexterity (+5).
   It protects you from poison.
 u - the amulet "Ytze Fea" (around neck) {Reflect rElec rN++ MR+ SH+5}
   (You found it on level 2 of the Depths)

   [amulet of reflection]

   It shields you and reflects attacks.
   It insulates you from electricity.
   It greatly protects you from negative energy.
   It affects your resistance to hostile enchantments.
   It affects your SH (+5).
 W - the ring "Wucudiv" {Wiz -Tele rF++ Slay+2}
   (You bought it in a shop on level 5 of the Depths)

   [ring of wizardry]

   It improves your spell success rate.
   It affects your accuracy and damage with ranged weapons and melee attacks
   (+2).
   It greatly protects you from fire.
   It prevents most forms of teleportation.
Wands
 k - a wand of paralysis (34)
 y - a wand of digging (39)
 E - a wand of iceblast (14)
 L - a wand of scattershot (5)
 U - a wand of acid (55)
Scrolls
 b - 13 scrolls of fog
 h - 2 scrolls of holy word
 w - 38 scrolls of teleportation
 G - 4 scrolls of summoning
 M - 35 scrolls of identify
 N - 5 scrolls of silence
 V - 18 scrolls of blinking
 X - 4 scrolls of immolation
Potions
 d - 35 potions of curing
 e - 11 potions of brilliance
 m - 7 potions of ambrosia
 q - 4 potions of resistance
 t - 25 potions of mutation
 v - 9 potions of magic
 z - 25 potions of heal wounds
 B - 7 potions of might
 D - 12 potions of flight
 F - 3 potions of berserk rage
 H - 15 potions of lignification
 I - 9 potions of haste
 K - 6 potions of cancellation
 T - 4 potions of agility
Miscellaneous
 g - a figurine of a ziggurat
 l - a lightning rod (4/4)
 o - 6 phantom mirrors
 p - a lamp of fire
 x - a phial of floods
 C - 16 sacks of spiders
 J - 13 boxes of beasts
 Y - a fan of gales
Comestibles
 f - 58 rations


   Skills:
 * Level 25.9 Fighting
 - Level 16.0 Throwing
 - Level 12.0 Armour
 + Level 16.6 Dodging
 + Level 10.1 Stealth
 - Level 15.0 Shields
 O Level 27 Unarmed Combat
 - Level 16.0 Spellcasting
 - Level 9.0 Summonings
 - Level 8.0 Translocations
 - Level 8.0 Transmutations
 - Level 4.0 Air Magic
 O Level 27 Earth Magic
 + Level 24.4 Invocations
 - Level 10.0 Evocations


You had 24 spell levels left.
You knew the following spells:

 Your Spells              Type           Power        Failure   Level  Hunger
a - Apportation           Tloc           ####..       1%          1    None
b - Blink                 Tloc           N/A          1%          2    None
c - Statue Form           Tmut/Erth      ######...    1%          6    ######.
d - Lesser Beckoning      Tloc           ####......   1%          3    None
e - Swiftness             Chrm/Air       ###.....     2%          2    None
f - Summon Butterflies    Summ           ####....     1%          1    None
g - Passage of Golubria   Tloc           N/A          1%          4    ##.....
h - Confusing Touch       Hex            ##....       3%          1    None
j - Aura of Abjuration    Summ           ####......   2%          5    ####...
l - Summon Lightning Spi  Summ/Air       ####....     2%          4    ##.....
p - Portal Projectile     Hex/Tloc       ###...       1%          3    None
w - Passwall              Tmut/Erth      ######..     0%          2    None

Your spell library contained the following spells:

 Spells                   Type           Power        Failure   Level  Hunger
 Sandblast                Erth           ######       0%          1    None
 Lee's Rapid Deconstruct  Erth           ######....   0%          5    ####...
 Beastly Appendage        Tmut           ####..       1%          1    None
 Shock                    Conj/Air       ###.         1%          1    None
 Summon Small Mammal      Summ           ####         1%          1    None
 Call Imp                 Summ           ####....     1%          2    None
 Shroud of Golubria       Chrm/Tloc      ###...       1%          2    None
 Sticks to Snakes         Tmut           ####....     1%          2    None
 Call Canine Familiar     Summ           ####....     1%          3    None
 Gell's Gravitas          Tloc           ####......   1%          3    None
 Recall                   Summ/Tloc      N/A          1%          3    None
 Spider Form              Tmut/Pois      ###.......   1%          3    None
 Stone Arrow              Conj/Erth      #####.       1%          3    None
 Summon Guardian Golem    Hex/Summ       ###.....     1%          3    None
 Teleport Other           Tloc           ####....     1%          3    None
 Leda's Liquefaction      Hex/Erth       #####.....   1%          4    ##.....
 Petrify                  Tmut/Erth      ######..     1%          4    ##.....
 Borgnjor's Vile Clutch   Necr/Erth      #####.....   1%          5    ####...
 Iron Shot                Conj/Erth      #####.....   1%          6    ######.
 Poisonous Vapours        Pois/Air       ###...       2%          2    None
 Bolt of Magma            Conj/Fire/Erth ####......   2%          5    ####...
 Summon Demon             Summ           ####......   2%          5    ####...
 Summon Forest            Summ/Tloc      ####......   2%          5    ####...
 Animate Skeleton         Necr           N/A          3%          1    None
 Corona                   Hex            ##.....      3%          1    None
 Flame Tongue             Conj/Fire      ##...        3%          1    None
 Freeze                   Ice            ##..         3%          1    None
 Infusion                 Chrm           ##..         3%          1    None
 Magic Dart               Conj           ##..         3%          1    None
 Pain                     Necr           ##..         3%          1    None
 Sting                    Conj/Pois      ##..         3%          1    None
 Ignite Poison            Fire/Tmut/Pois ###.....     3%          3    None
 Blade Hands              Tmut           ####......   3%          5    ####...
 Corpse Rot               Necr           N/A          4%          2    None
 Ensorcelled Hibernation  Hex/Ice        ##....       4%          2    None
 Searing Ray              Conj           ##....       4%          2    None
 Slow                     Hex            ##......     4%          2    None
 Song of Slaying          Chrm           ##......     4%          2    None
 Sublimation of Blood     Necr           ##........   4%          2    None
 Throw Flame              Conj/Fire      ##....       4%          2    None
 Throw Frost              Conj/Ice       ##....       4%          2    None
 Static Discharge         Conj/Air       ###.....     4%          3    None
 Summon Ice Beast         Ice/Summ       ###.....     4%          4    ##.....
 Mephitic Cloud           Conj/Pois/Air  ##......     6%          3    None
 Airstrike                Air            ###.......   6%          4    ##.....
 Force Lance              Conj/Tloc      ###.....     6%          4    ##.....
 Ice Form                 Ice/Tmut       ###.....     6%          4    ##.....
 Confuse                  Hex            ##......     10%         3    None
 Conjure Flame            Conj/Fire      ##......     10%         3    None
 Dazzling Spray           Conj/Hex       ##....       10%         3    None
 Inner Flame              Hex/Fire       ##......     10%         3    None
 Ozocubu's Armour         Chrm/Ice       ##......     10%         3    None
 Regeneration             Chrm/Necr      ##........   10%         3    None
 Spectral Weapon          Hex/Chrm       ##......     10%         3    None
 Tukima's Dance           Hex            ##......     10%         3    None
 Vampiric Draining        Necr           ##........   10%         3    None
 Shadow Creatures         Summ           N/A          12%         6    ######.
 Summon Mana Viper        Hex/Summ       ###.....     14%         5    ####...
 Alistair's Intoxication  Tmut/Pois      ###.....     16%         5    ####...
 Irradiate                Conj/Tmut      ###.......   16%         5    ####...
 Yara's Violent Unravell  Hex/Tmut       ###.......   16%         5    ####...
 Dispersal                Tloc           ####......   17%         6    ######.
 Hydra Form               Tmut           ####......   17%         6    ######.
 Animate Dead             Necr           N/A          30%         4    ##.....
 Cause Fear               Hex            ##........   30%         4    ##.....
 Fulminant Prism          Conj/Hex       ##........   30%         4    ##.....
 Iskenderun's Mystic Bla  Conj           ##......     30%         4    ##.....
 Olgreb's Toxic Radiance  Pois           ##......     30%         4    ##.....
 Sticky Flame             Conj/Fire      ##......     30%         4    ##.....
 Throw Icicle             Conj/Ice       ##......     30%         4    ##.....
 Lightning Bolt           Conj/Air       ###.......   34%         5    ####...
 Silence                  Hex/Air        ###.......   34%         5    ####...
 Summon Hydra             Summ           ####......   52%         7    #######
 Lehudib's Crystal Spear  Conj/Erth      #####.....   58%         8    #######
 Dispel Undead            Necr           ##......     61%         5    ####...
 Excruciating Wounds      Chrm/Necr      ##........   61%         5    ####...
 Fireball                 Conj/Fire      ##........   61%         5    ####...
 Iskenderun's Battlesphe  Conj/Chrm      ##......     61%         5    ####...
 Metabolic Englaciation   Hex/Ice        ##........   61%         5    ####...
 Venom Bolt               Conj/Pois      ##........   61%         5    ####...
 Dragon Form              Tmut           ####......   65%         7    #######
 Conjure Ball Lightning   Conj/Air       ###.......   88%         6    ######.
 Deflect Missiles         Chrm/Air       ###.......   88%         6    ######.
 Freezing Cloud           Conj/Ice/Air   ##........   93%         6    ######.
 Haunt                    Necr/Summ      ###.......   98%         7    #######
 Spellforged Servitor     Conj/Summ      ###.......   98%         7    #######
 Bolt of Cold             Conj/Ice       ##........   99%         6    ######.
 Darkness                 Hex            ##........   99%         6    ######.
 Death Channel            Necr           ##........   99%         6    ######.
 Invisibility             Hex            ##......     99%         6    ######.
 Ozocubu's Refrigeration  Ice            ##........   99%         6    ######.
 Poison Arrow             Conj/Pois      ##........   99%         6    ######.
 Simulacrum               Ice/Necr       ##........   99%         6    ######.
 Controlled Blink         Tloc           N/A          99%         8    #######
 Disjunction              Tloc           ####......   99%         8    #######
 Orb of Destruction       Conj           ##........   100%        7    #######
 Ring of Flames           Chrm/Fire      ##........   100%        7    #######
 Borgnjor's Revivificati  Necr           ##........   100%        8    #######
 Chain Lightning          Conj/Air       ###.......   100%        8    #######
 Death's Door             Chrm/Necr      ##........   100%        8    #######
 Discord                  Hex            ##........   100%        8    #######
 Ignition                 Fire           ##........   100%        8    #######
 Infestation              Necr           ##........   100%        8    #######
 Necromutation            Tmut/Necr      ###.......   100%        8    #######
 Dragon's Call            Summ           ####......   100%        9    #######
 Fire Storm               Conj/Fire      ##........   100%        9    #######
 Glaciate                 Conj/Ice       ##........   100%        9    #######
 Tornado                  Air            ###.......   100%        9    #######


Dungeon Overview and Level Annotations

Branches:
Dungeon (15/15)            Temple (1/1) D:7            Lair (6/6) D:11
 Shoals (4/4) Lair:4       Spider (4/4) Lair:4        Slime (5/5) Lair:5
    Orc (2/2) D:10            Elf (3/3) Orc:2        Vaults (5/5) D:13
  Crypt (3/3) Vaults:2       Tomb (3/3) Crypt:3      Depths (5/5) D:15
   Hell (visited)             Dis (7/7) Hell            Geh (7/7) Hell
    Coc (7/7) Hell            Tar (7/7) Hell            Zot (5/5) Depths:5
  IceCv (visited)         Gauntlet (visited)

Altars:
Ashenzari
Cheibriados
Dithmenos
Elyvilon
Fedhas
Gozag
Hepliaklqana
Kikubaaqudgha
Makhleb
Nemelex Xobeh
Okawaru
Qazlal
Ru
Sif Muna
Trog
Uskayaw
Vehumet
Wu Jian
Xom
Yredelemnul
Zin
The Shining One
Jiyva

Shops:
D:5 (   D:7 [   D:10 *   Orc:2 ?!}   Elf:2 ?   Vaults:2 *   Vaults:3 *
Depths:1 ?:?   Depths:4 [*   Depths:5 =}}*

Portals:
Hell: Depths:1 Depths:2 Depths:3 Depths:4 Depths:5
Abyss: Depths:1 Depths:4 Depths:5
Pandemonium: Depths:3 Depths:4


Innate Abilities, Weirdness & Mutations

You are too large for most types of armour.
You have claws for hands.
Your metabolism is lightning-fast.
You like to eat raw meat.
Your natural rate of healing is unusually fast.
You are covered in fur. (AC +1)
You have extremely tough skin. (AC +3)
Your system is resistant to poisons. (rPois)


Message History

A rock wall.
This square is lit by a halo and is covered in magical glow.
Okay, then.
Evoke which item? (* to show all) (? for menu, Esc to quit)
Aiming: Dig
Press: ? - help, Shift-Dir - straight line A rock wall.
This square is lit by a halo and is covered in magical glow.
The rock shatters into small pieces.
Unknown command.
A soul eater comes into view.
Evoke which item? (* to show all) (? for menu, Esc to quit)
Aiming: Dig
Press: ? - help, Shift-Dir - straight line A rock wall.
This square is lit by a halo and is covered in magical glow.
The rock shatters into small pieces.
Your extra speed is starting to run out.
There is a staircase leading out of the dungeon here.
You have escaped!

.....#..#.#)..##.###...##..###.#
..............##...............#
...[#####3############.##..#####
........#.≈≈≈≈≈≈≈≈≈≈##..#..######
.##..≈.≈.....≈≈≈≈≈≈≈###.#..#.....
.#...≈≈≈≈≈......≈≈≈≈# #.#..#.###.
...≈≈≈..≈≈≈≈≈....≈≈≈# #.#..#.....
....≈..≈≈≈≈.≈≈....≈≈###.#......#.
.....≈≈≈≈≈≈≈≈≈≈.@.≈≈##....##.###.
....≈..≈≈≈.≈≈≈....≈≈##...........
#....≈≈.≈.≈≈....≈.≈≈##.#A.######.
#...≈≈≈≈≈.≈......≈≈≈##.#1&....##.
.......≈≈...≈.≈≈≈≈≈≈##..A>###.###
.###......≈≈≈≈≈≈≈≈≈≈####### #....
## ################## ####. ###.
#...


You could see a soul eater.

Vanquished Creatures
  Cerebov (Pan)
  Antaeus (Coc:7)
  Asmodeus (Geh:7)
  Dissolution (Slime:5)
  Ereshkigal (Tar:7)
  Gloorx Vloq (Pan)
  the Royal Jelly (Slime:5)
  A seraph (Pan)
  Lom Lobon (Pan)
  Dispater (Dis:7)
  7 orbs of fire
  Mara (Crypt:1)
  11 ancient liches
  Mennas (Pan)
  7 juggernauts
  Sojobo (Vaults:2)
  The ghost of Uthracwa the Impregnable, a veteran MiGl of Hepliaklqana (Crypt:1)
  45 greater mummies
  Boris (thrice) (Vaults:3 Vaults:5 Crypt:1)
  3 shard shrikes
  4 Killer Klowns
  Frederick (Vaults:4)
  3 curse toes
  Saint Roka (Vaults:2)
  Bai Suzhen (Crypt:2)
  Geryon (Hell)
  A caustic shrike (Depths:2)
  19 golden dragons
  A profane servitor (Depths:2)
  14 bone dragons
  Jory (Crypt:3)
  2 pearl dragons (Pan)
  23 Tzitzimimeh
  Arachne (Spider:2)
  11 doom hounds
  18 Brimstone Fiends
  7 electric golems
  19 tentacled monstrosities
  11 iron giants
  A hellephant (Abyss:4)
  Rupert (D:12)
  14 Hell Sentinels
  16 Ice Fiends
  25 Orb Guardians (Zot:5)
  20 liches
  A shard shrike skeleton (Crypt:2)
  Asterion (Spider:2)
  18 titans
  7 deep elf blademasters
  11 deep elf master archers
  7 quicksilver dragons
  6 pandemonium lords
  11 ancient champions
  14 tentacled starspawn
  9 acid blobs
  22 Executioners
  A kraken (Shoals:2)
  Frances (Spider:2)
  6 death cobs
  An eldritch tentacle (Pan)
  14 sphinxes
  12 tengu reavers
  15 storm dragons
  3 thorn hunters
  9 shadow dragons
  5 revenants
  Donald (Shoals:4)
  9 draconian monks
  8 azure jellies
  8 nagarajas (Zig:17)
  15 daevas (Pan)
  22 fire giants
  22 frost giants
  14 draconian knights
  4 warmongers (Pan)
  35 balrugs
  Aizul (Depths:1)
  7 emperor scorpions
  The ghost of arthad the Cleaver, an adept VSFi of Makhleb (Shoals:2)
  8 deep elf sorcerers
  7 orc warlords
  4 draconian scorchers
  A caustic shrike zombie (Zig:18)
  Louise (Elf:3)
  12 vault wardens
  10 draconian shifters
  9 ghost moths
  12 iron dragons
  5 curse skulls
  4 elemental wellsprings (Coc:7)
  2 juggernaut zombies (Zig:20)
  6 deep elf elementalists
  5 cacodemons
  23 angels
  7 ghouls
  18 ironheart preservers
  30 very ugly things
  A spriggan defender (Depths:5)
  8 draconian stormcallers
  10 ophanim
  An entropy weaver (shapeshifter) (Zig:8)
  9 draconian annihilators
  16 war gargoyles
  4 blood saints
  62 reapers
  A caustic shrike skeleton (Zig:20)
  33 stone giants
  8 corrupters
  8 entropy weavers
  22 vampire knights
  12 bennus
  23 black draconians
  7 green draconians
  6 black suns
  19 apis (Pan)
  13 lorocyprocas
  12 purple draconians
  6 deep elf demonologists
  Azrael (D:12)
  7 spark wasps
  A minotaur (Gauntlet)
  16 white draconians
  A dire elephant (Lair:6)
  23 deep elf annihilators
  Snorg (D:13)
  17 yellow draconians
  14 red draconians
  18 jiangshi
  6 eidola
  4 deep elf death magi
  A crystal guardian (Vaults:2)
  4 death oozes (Slime:5)
  3 merfolk javelineers
  20 yaktaur captains
  18 blizzard demons
  33 vault guards
  30 ettins
  34 mummy priests
  7 fire dragons
  14 green deaths
  Erolcha (D:11)
  Harold (D:11)
  A hell beast (Gauntlet)
  4 quicksilver dragon skeletons
  5 quicksilver dragon zombies
  9 rakshasas
  6 merfolk impalers
  6 great orbs of eyes
  A kraken zombie (Coc:6)
  11 deep elf high priests
  15 ogre magi
  29 ice dragons
  4 monstrous demonspawn
  14 hydras
  4 naga warriors (Zig:17)
  The ghost of Vojta the Covert, a journeyman FeCj of Sif Muna (Shoals:1)
  11 death yaks
  5 ghost crabs
  3 merfolk avatars
  An alligator snapping turtle (Shoals:4)
  4 death knights
  17 centaur warriors
  2 anacondas (Zig:17)
  3 shambling mangroves
  38 dancing weapons
  2 satyrs
  4 merfolk aquamancers
  3 alligators (Zig:13)
  A catoblepas (Lair:5)
  4 tengu warriors
  58 large abominations
  53 two-headed ogres
  4 orc high priests
  25 vampire magi
  Urug (D:11)
  12 hell hogs
  63 death scarabs
  22 thrashing horrors
  10 deep troll shamans
  33 soul eaters
  A naga sharpshooter (Zig:17)
  55 hell knights
  11 iron golems
  8 titan zombies
  6 deep troll earth magi
  14 wretched stars
  6 shock serpents
  41 sun demons
  41 deep elf knights
  5 spriggan berserkers
  59 slime creatures
  5 storm dragon zombies
  23 iron trolls
  12 shadow wraiths
  18 sea snakes
  The ghost of MisterT the Blocker, a novice HOFi of Beogh (D:6)
  4 fire crabs (Lair:5)
  2 salamander mystics
  11 golden dragon zombies
  2 storm dragon skeletons
  5 titan skeletons
  5 gelid demonspawn
  111 skeletal warriors
  11 anaconda zombies
  13 sixfirhies
  18 flayed ghosts
  42 deep trolls
  6 spatial maelstroms
  11 cherubim (Pan)
  20 shadow demons
  A death drake (Tar:7)
  7 torturous demonspawn (Pan)
  2 spriggan druids (Zig:9)
  3 ghost moth zombies
  3 infernal demonspawn
  18 unseen horrors
  40 deep elf archers
  3 tengu zombies
  5 shadow dragon zombies
  6 anaconda skeletons
  2 orange crystal statues
  A lindwurm (shapeshifter) (Vaults:5)
  5 glowing orange brains
  12 ironbrand convokers
  113 deep elf magi
  A naga ritualist (Zig:17)
  12 necromancers
  14 wizards
  2 obsidian statues
  A glowing orange brain (shapeshifter) (Zig:8)
  17 orc knights
  18 phantasmal warriors
  Pikel (D:8)
  4 golden dragon skeletons
  27 harpies
  48 ugly things
  8 iron dragon zombies
  A manticore (shapeshifter) (Zig:8)
  38 wolf spiders
  4 salamanders (Depths:5)
  28 orb spiders
  5 wolf spider zombies
  13 orc sorcerers
  12 fauns
  4 frost giant zombies
  6 worldbinders
  3 oklob plants (Lair:2)
  5 shadow dragon skeletons
  11 fire giant zombies
  11 stone giant zombies
  19 manticores
  A mana viper (Zig:17)
  2 shining eyes
  43 moths of wrath
  A cyclops (shapeshifter) (Vaults:3)
  6 merfolk sirens
  12 cyclopes
  A sphinx skeleton (Crypt:1)
  A water nymph (shapeshifter) (Depths:4)
  A spriggan zombie (Zig:15)
  4 centaur zombies
  2 elf zombies (Zig:18)
  13 elephants (Lair:6)
  6 naga magi (Zig:17)
  6 stone giant skeletons
  5 frost giant skeletons
  5 water nymphs
  7 molten gargoyles (Geh:7)
  16 black mambas
  2 torpor snails
  51 rust devils
  21 vault sentinels
  3 eyes of devastation (Slime:5)
  An elephant (shapeshifter) (D:14)
  An iron dragon skeleton (Tar:5)
  5 apocalypse crabs
  A dire elephant skeleton (Tar:3)
  3 guardian serpents (Zig:17)
  6 ice statues
  2 guardian serpents (shapeshifter)
  A titan simulacrum (Tar:5)
  A shock serpent zombie (Coc:5)
  A spiny frog (shapeshifter) (Elf:3)
  2 dire elephant zombies
  A shock serpent skeleton (Coc:6)
  2 gargoyles (Depths:4)
  12 spectral swamp worms (Tar:7)
  40 smoke demons
  14 spiny frogs
  60 yaktaurs
  13 komodo dragons
  A black draconian zombie (Dis:1)
  7 rime drakes
  14 freezing wraiths
  9 efreet
  9 orange demons
  A catoblepas zombie (Tar:7)
  A yaktaur zombie (Hell)
  2 elf skeletons
  32 hellions
  33 tormentors
  2 minotaur zombies
  An emperor scorpion zombie (Coc:7)
  2 kobold demonologists
  A ghost moth simulacrum (Coc:7)
  An iron troll zombie (Dis:4)
  19 hellwings
  37 ice devils
  2 elves (Depths:4)
  A white draconian skeleton (Crypt:1)
  47 guardian mummies
  24 ancient zymes
  27 merfolk
  3 tengu conjurers
  18 demonic crawlers
  2 catoblepas skeletons
  A yellow draconian skeleton (Crypt:3)
  A meliai (shapeshifter) (Vaults:1)
  20 polar bears
  17 hydra zombies
  3 meliai (D:13)
  35 red devils
  3 silent spectres
  6 tyrant leeches
  13 trolls
  A merfolk (shapeshifter) (Abyss:4)
  A harpy skeleton (Crypt:3)
  A wind drake (shapeshifter) (Depths:4)
  32 jumping spiders
  A hornet (shapeshifter) (D:13)
  7 ice dragon zombies
  An iron troll skeleton (Dis:4)
  10 wind drakes
  Prince Ribbit (D:9)
  13 hornets
  22 raiju
  11 bog bodies
  4 ettin zombies
  9 hippogriffs
  A meliai zombie (D:14)
  5 dream sheep (Lair:6)
  5 hydra skeletons
  A fire giant simulacrum (Abyss:4)
  6 alligator zombies
  5 air elementals
  6 fire dragon zombies
  A slime creature (shapeshifter) (Zig:8)
  18 snapping turtles
  A satyr skeleton (Crypt:3)
  5 fire dragon skeletons
  2 iron dragon simulacra
  A stone giant simulacrum (Crypt:1)
  61 redbacks
  29 shadows
  A centaur simulacrum (D:14)
  5 ice dragon skeletons
  25 vampires
  An alligator skeleton (Coc:7)
  Sigmund (D:4)
  8 ettin skeletons
  139 flying skulls
  23 wraiths
  18 ynoxinuls
  3 spriggans
  A tarantella (shapeshifter) (Elf:2)
  2 redbacks (shapeshifter)
  23 tarantellas
  22 water elementals
  30 ushabtiu
  A hog (shapeshifter) (Vaults:4)
  31 yaks
  4 basilisks
  A black mamba skeleton (Tar:5)
  13 chaos spawn
  4 golden eyes
  A human (Depths:4)
  10 neqoxecs
  3 wyverns
  26 fire elementals
  A wind drake skeleton (Crypt:2)
  A catoblepas simulacrum (Crypt:3)
  A hungry ghost (D:10)
  3 vampire mosquitoes
  5 human zombies
  A warg (shapeshifter) (Vaults:1)
  26 small abominations
  7 wargs
  Duvessa (D:5)
  A harpy simulacrum (D:14)
  5 spatial vortices
  12 water moccasins
  An insubstantial wisp (Zig:13)
  2 soldier ants
  2 nagas (Zig:17)
  44 hell hounds
  3 acid dragons
  4 spiny frog zombies
  A floating eye (Abyss:4)
  5 porcupines
  A porcupine (shapeshifter) (Vaults:4)
  4 hydra simulacra
  2 floating eyes (shapeshifter) (Abyss:4)
  A swamp drake (shapeshifter) (Depths:3)
  3 swamp drakes (Zig:13)
  4 sky beasts
  4 snapping turtle zombies
  2 alligator simulacra (Hell)
  A fire dragon simulacrum (Coc:7)
  7 ice beasts
  47 orc warriors
  2 black bears
  An ettin simulacrum (Abyss:4)
  5 eyes of draining
  6 spiny frog skeletons
  33 starcursed masses
  4 phantoms
  A swamp dragon zombie (Tar:2)
  15 necrophages
  46 ogres
  7 swamp dragon skeletons
  27 wolves
  3 boggarts (Vaults:2)
  A torpor snail zombie (Crypt:3)
  2 manticore skeletons
  A snapping turtle skeleton (Pan)
  28 centaurs
  13 crocodiles
  5 big kobolds
  15 bullfrogs
  A salamander skeleton (Crypt:1)
  4 earth elementals
  A spiny frog simulacrum (Hell)
  An elf simulacrum (Vaults:1)
  A glowing shapeshifter simulacrum (Zig:11)
  Dowan (D:5)
  2 spectral wargs (Depths:4)
  A wyvern skeleton (Crypt:1)
  3 scorpions
  11 killer bees
  56 wights
  10 howler monkeys
  7 electric eels
  2 spriggan skeletons
  25 crimson imps
  A bullfrog zombie (Crypt:1)
  3 quasits
  5 hounds
  7 jellies
  2 bullfrog skeletons (D:13)
  3 centaur skeletons
  3 gnoll shamans
  5 iguanas
  24 orc priests
  16 orc wizards
  47 iron imps
  11 worker ants
  11 hell rats
  5 lightning spires (Zot:3)
  2 sky beast zombies
  A big kobold zombie (Crypt:1)
  A naga skeleton (Crypt:2)
  2 tengu skeletons
  A hound zombie (D:5)
  2 hound skeletons
  67 mummies
  2 worker ant zombies (D:11)
  17 gnolls
  16 adders
  15 shadow imps
  A swamp drake skeleton (Crypt:1)
  14 white imps
  9 ufetubi
  2 oozes (Lair:5)
  2 adder skeletons
  A halfling skeleton (Crypt:1)
  A barachi zombie (Crypt:3)
  2 dart slugs
  7 leopard geckos
  95 orcs
  10 bats
  A bat skeleton (Crypt:3)
  7 giant cockroaches
  5 goblins
  6 hobgoblins
  11 jackals
  7 quokkas
  2 ball pythons
  A ball python zombie (Crypt:2)
  5 frilled lizards
  A giant cockroach zombie (Crypt:3)
  31 kobolds
  A kobold zombie (Dis:4)
  A leopard gecko skeleton (D:8)
  A quokka skeleton (D:4)
  8 rats
  A rat skeleton (Crypt:3)
  3 crawling corpses (Elf:3)
  2 fire vortices
  A fungus (Lair:6)
  A lurking horror (Abyss:4)
  9 plants
  11 starspawn tentacles
  7 tentacles
5443 creatures vanquished.

Vanquished Creatures (collateral kills)
  Mnoleg (Pan)
  2 bone dragons
  A Tzitzimitl (Tar:7)
  A Hell Sentinel (Dis:7)
  An Ice Fiend (Coc:7)
  A tentacled starspawn (Abyss:4)
  5 cacodemons
  A black sun (Pan)
  2 very ugly things (Abyss:4)
  A lorocyproca (Abyss:4)
  A rakshasa (Pan)
  2 sun demons (Pan)
  A soul eater (Tar:7)
  2 hell knights (Geh:7)
  An infernal demonspawn (Pan)
  3 large abominations
  A rust devil (Pan)
  A hellion (Dis:7)
  2 demonic crawlers
  3 red devils (Pan)
  2 ettin zombies
  2 raiju (Abyss:4)
  A ynoxinul (Pan)
  6 neqoxecs (Pan)
  A spatial vortex (Tar:7)
  A hell hound (Tar:7)
  A necrophage (Tar:7)
  A shadow imp (Tar:7)
48 creatures vanquished.

Vanquished Creatures (others)
  2 deep elf master archers
  An eldritch tentacle (Coc:7)
  A draconian monk (Zot:3)
  A draconian knight (Zot:2)
  A reaper (Tar:2)
  An elemental wellspring (Coc:7)
  2 stone giants (Crypt:3)
  A spark wasp (Depths:2)
  A green death (Pan)
  A blizzard demon (Pan)
  A hydra (Zig:13)
  4 hell hogs
  A naga sharpshooter (Zig:17)
  A deep elf knight (Vaults:4)
  A shadow dragon zombie (Geh:7)
  A deep elf archer (Depths:4)
  2 deep elf magi
  A hellion (Geh:7)
  A raiju (Zot:3)
  A water elemental (Shoals:3)
  A tarantella (Spider:2)
  A shadow (Dis:1)
  A fire elemental (Zig:16)
  2 golden eyes (Abyss:4)
  A neqoxec (Pan)
  A hell hound (Zig:18)
  A necrophage (Crypt:1)
  An ogre (Depths:3)
  2 centaurs (D:10)
  A bullfrog (D:8)
  A wight (Dis:1)
  2 iron imps (Dis:7)
  A white imp (Coc:7)
  13 ball lightnings
  A quokka (D:8)
  A kobold skeleton (Geh:4)
  A demonic plant (Abyss:4)
  37 fungi
  4 lurking horrors
  46 plants
  23 starspawn tentacles
  14 tentacles
182 creatures vanquished.

Grand Total: 5673 creatures vanquished

Notes
Turn   | Place    | Note
-------+----------+-------------------------------------------
     0 | D:1      | Nebukadnezar the Troll Gladiator began the quest for the
                  | Orb.
     0 | D:1      | Reached XP level 1. HP: 19/19 MP: 0/0
    97 | D:1      | Reached XP level 2. HP: 28/28 MP: 1/1
   443 | D:1      | Reached XP level 3. HP: 35/35 MP: 2/2
  1074 | D:2      | Reached skill level 1 in Stealth
  1074 | D:2      | Reached XP level 4. HP: 44/44 MP: 3/3
  1360 | D:2      | Found an ancient bone altar of Kikubaaqudgha.
  1366 | D:2      | Found a stormy altar of Qazlal.
  1366 | D:2      | Found a sparkling altar of Nemelex Xobeh.
  1367 | D:2      | Found a shimmering blue altar of Sif Muna.
  1371 | D:2      | Found a radiant altar of Vehumet.
  1372 | D:2      | Found a sacrificial altar of Ru.
  2057 | D:3      | Reached XP level 5. HP: 49/50 MP: 4/4
  2266 | D:4      | Noticed an ogre
  2278 | D:4      | Killed an ogre
  2278 | D:4      | Reached skill level 5 in Unarmed Combat
  2367 | D:4      | Reached XP level 6. HP: 61/61 MP: 5/5
  2688 | D:4      | Noticed Sigmund
  2741 | D:5      | Entered Level 5 of the Dungeon
  2999 | D:5      | Noticed Duvessa
  3133 | D:5      | Reached XP level 7. HP: 62/68 MP: 6/6
  3715 | D:6      | Found a runed translucent gate.
  3716 | D:6      | Found a runed translucent gate.
  3717 | D:6      | Found a runed translucent gate.
  3742 | D:6      | Noticed MisterT's ghost (novice HOFi)
  4204 | D:6      | Reached skill level 1 in Evocations
  4271 | D:6      | Reached skill level 1 in Shields
  4321 | D:6      | Reached XP level 8. HP: 74/78 MP: 7/7
  4669 | D:7      | Found Cheibriados's Comfort Zone.
  4670 | D:7      | Found a snail-covered altar of Cheibriados.
  4748 | D:7      | Found a staircase to the Ecumenical Temple.
  4758 | Temple   | Entered the Ecumenical Temple
  4926 | Temple   | Became a worshipper of Warmaster Okawaru
  5519 | D:4      | Killed Sigmund
  5519 | D:4      | Reached * piety under Okawaru
  5519 | D:4      | Reached skill level 1 in Invocations
  5931 | D:5      | Found Zurabif's Antique Weapon Shop.
  5962 | D:5      | Noticed Dowan
  5993 | D:5      | Killed Duvessa
  5993 | D:5      | Reached skill level 5 in Fighting
  6179 | D:5      | Killed Dowan
  6285 | D:7      | Reached XP level 9. HP: 88/88 MP: 9/9
  6648 | D:7      | Reached ** piety under Okawaru
  6889 | D:8      | Noticed Pikel
  6898 | D:8      | Killed Pikel
  7092 | D:8      | Reached *** piety under Okawaru
  7270 | D:8      | Found a white marble altar of Elyvilon.
  7709 | D:9      | Noticed a two-headed ogre
  7726 | D:9      | Killed a two-headed ogre
  7726 | D:9      | Reached skill level 10 in Unarmed Combat
  7726 | D:9      | Reached XP level 10. HP: 94/98 MP: 7/10
  8205 | D:9      | Noticed Prince Ribbit
  8209 | D:9      | Killed Prince Ribbit
  8209 | D:9      | Reached **** piety under Okawaru
  8333 | D:9      | Reached skill level 5 in Shields
  8425 | D:10     | Entered Level 10 of the Dungeon
  8428 | D:10     | Found Izoed's Assorted Antiques.
  8431 | D:10     | Bought a silvery potion for 18 gold pieces
  8512 | D:10     | Found a sparkling altar of Nemelex Xobeh.
  8782 | D:10     | Found a staircase to the Orcish Mines.
  9011 | D:10     | Noticed a cyclops
  9020 | D:10     | Killed a cyclops
  9089 | D:10     | Reached skill level 1 in Armour
  9291 | D:11     | Noticed Urug
  9295 | D:11     | Reached ***** piety under Okawaru
  9303 | D:11     | Killed Urug
  9459 | D:11     | Received a gift from Okawaru
  9555 | D:11     | Reached skill level 5 in Throwing
  9555 | D:11     | Reached XP level 11. HP: 103/109 MP: 12/12
  9664 | D:11     | Got a faintly glowing battleaxe
  9704 | D:11     | Noticed Harold
  9710 | D:11     | Noticed Erolcha
  9737 | D:11     | Killed Erolcha
  9755 | D:11     | Killed Harold
  9766 | D:11     | Noticed a two-headed ogre
  9770 | D:11     | Killed a two-headed ogre
  9770 | D:11     | Received a gift from Okawaru
 10051 | D:11     | Found a staircase to the Lair.
 10074 | D:11     | Received a gift from Okawaru
 10431 | Lair:1   | Entered Level 1 of the Lair of Beasts
 10434 | Lair:1   | Identified the +6 battleaxe of Resourcefulness {flame,
                  | *Corrode Int+3 Dex+7 SInv} (You found it on level 11 of the
                  | Dungeon)
 10651 | Lair:1   | Found a snail-covered altar of Cheibriados.
 10867 | Lair:1   | Reached ****** piety under Okawaru
 11003 | Lair:1   | Noticed an eight-headed hydra
 11018 | Lair:1   | Killed an eight-headed hydra
 11113 | Lair:1   | Reached XP level 12. HP: 122/122 MP: 13/13
 11174 | Lair:1   | Noticed a fire dragon
 11203 | Lair:1   | Killed a fire dragon
 11225 | Lair:1   | Found the +2 Maxwell's thermic engine {flame, freeze}
 11373 | Lair:2   | You fall into a shaft and drop 1 floor!
 11893 | Lair:2   | Noticed a six-headed hydra
 11903 | Lair:3   | Received a gift from Okawaru
 11904 | Lair:3   | Got a spiked troll leather armour {god gift}
 11915 | Lair:3   | Identified the +4 troll leather armour of Vuucukh {Regen+
                  | Int+5} (Okawaru gifted it to you on level 3 of the Lair of
                  | Beasts)
 11948 | Lair:2   | Killed a six-headed hydra
 12179 | Lair:2   | Noticed an eight-headed hydra
 12191 | Lair:2   | Killed an eight-headed hydra
 12725 | Lair:4   | Found a frozen archway.
 12749 | IceCv    | Entered an ice cave
 12924 | IceCv    | Received a gift from Okawaru
 13065 | IceCv    | Received a gift from Okawaru
 13087 | IceCv    | Reached XP level 13. HP: 131/131 MP: 12/15
 13124 | IceCv    | Received a gift from Okawaru
 13130 | IceCv    | Got transparent swamp dragon scales {god gift}
 13150 | IceCv    | Identified the +1 swamp dragon scales of the Skies Above
                  | {rPois rF+ MR+ SInv} (Okawaru gifted it to you in an ice
                  | cave)
 13464 | IceCv    | Noticed a frost giant
 13517 | IceCv    | Killed a frost giant
 13517 | IceCv    | Reached skill level 5 in Invocations
 13592 | Lair:4   | Reached skill level 5 in Armour
 13656 | Lair:4   | Reached skill level 5 in Dodging
 13816 | Lair:4   | Reached skill level 5 in Evocations
 13946 | Lair:4   | Found a staircase to the Shoals.
 14040 | Lair:4   | Found a sparkling altar of Nemelex Xobeh.
 14165 | Lair:4   | Found a hole to the Spider Nest.
 14469 | Lair:5   | Received a gift from Okawaru
 14471 | Lair:5   | Got an ichor-stained robe {god gift}
 14739 | Lair:5   | Found a runed translucent door.
 14740 | Lair:5   | Found a viscous altar of Jiyva.
 14742 | Lair:5   | Found a staircase to the Slime Pits.
 14862 | Lair:5   | Found a runed translucent door.
 14946 | Lair:5   | Reached skill level 10 in Fighting
 15284 | Lair:5   | Noticed an entropy weaver
 15291 | Lair:5   | Killed an entropy weaver
 15308 | Lair:5   | Noticed an entropy weaver
 15325 | Lair:5   | Killed an entropy weaver
 15325 | Lair:5   | Reached XP level 14. HP: 114/143 MP: 15/17
 15381 | Lair:5   | Received a gift from Okawaru
 15471 | Lair:5   | Received a gift from Okawaru
 15486 | Lair:5   | Noticed an entropy weaver
 15495 | Lair:5   | Killed an entropy weaver
 15495 | Lair:5   | Received a gift from Okawaru
 15508 | Lair:5   | Got a vibrating steel ring
 15520 | Lair:5   | Identified the ring of the Commoners {*Slow rF+ Int+5 SInv}
                  | (You found it on level 5 of the Lair of Beasts)
 15621 | Lair:6   | Entered Level 6 of the Lair of Beasts
 15826 | Lair:6   | Found a shimmering altar of Xom.
 16083 | Lair:6   | Received a gift from Okawaru
 16120 | Lair:6   | Reached skill level 10 in Throwing
 16144 | Lair:6   | Received a gift from Okawaru
 16176 | Lair:6   | Reached skill level 10 in Shields
 16746 | Lair:6   | Received a gift from Okawaru
 16787 | Lair:6   | Received a gift from Okawaru
 16830 | Lair:6   | Identified the +1 robe "Quiwk" {+Fly} (Okawaru gifted it to
                  | you on level 5 of the Lair of Beasts)
 17105 | D:6      | Killed MisterT's ghost
 17246 | D:7      | Bought the +3 hat of Pondering {ponderous, MR+ MP+10 Int+5}
                  | for 533 gold pieces
 17246 | D:7      | Found the +3 hat of Pondering {ponderous, MR+ MP+10 Int+5}
 17432 | D:12     | Found a gate leading to a gauntlet.
 17444 | Gauntlet | Entered a Gauntlet
 17444 | Gauntlet | Found a transporter.
 17444 | Gauntlet | Found a transporter.
 17460 | Gauntlet | Found a transporter.
 17465 | Gauntlet | Found a transporter.
 17482 | Gauntlet | Found a transporter.
 17495 | Gauntlet | Found a transporter.
 17511 | Gauntlet | Found a transporter.
 17584 | Gauntlet | Found a transporter.
 17602 | Gauntlet | Found a transporter.
 17612 | Gauntlet | Found a transporter.
 17626 | Gauntlet | Found a transporter.
 17634 | Gauntlet | Found a transporter.
 17643 | Gauntlet | Found a transporter.
 17660 | Gauntlet | Found a transporter.
 17691 | Gauntlet | Found a transporter.
 17706 | Gauntlet | Found a transporter.
 17893 | Gauntlet | Got a slimy granite ring
 17902 | Gauntlet | Identified the ring "Fohat" {rC+ MR+ Dex+5} (You found it
                  | in a Gauntlet)
 17943 | Gauntlet | Got a bound silver ring
 17985 | Gauntlet | Identified the ring "Fiozeam" {rElec Str+4 Stlth-} (You
                  | found it in a Gauntlet)
 18013 | Gauntlet | Received a gift from Okawaru
 18088 | D:12     | Noticed Rupert
 18092 | D:12     | Noticed Azrael
 18100 | D:12     | Killed Azrael
 18100 | D:12     | Received a gift from Okawaru
 18105 | D:12     | Reached XP level 15. HP: 122/149 MP: 11/19
 18443 | D:12     | Found a shimmering altar of Xom.
 18445 | D:12     | Found a hazy altar of Hepliaklqana.
 18445 | D:12     | Found a shimmering blue altar of Sif Muna.
 18447 | D:12     | Found a snail-covered altar of Cheibriados.
 18447 | D:12     | Found a glowing silver altar of Zin.
 18447 | D:12     | Found a hide-covered altar of Uskayaw.
 18666 | D:12     | Killed Rupert
 18666 | D:12     | Received a gift from Okawaru
 18958 | D:13     | Noticed Snorg
 18983 | D:13     | Killed Snorg
 19512 | D:13     | Received a gift from Okawaru
 19559 | D:13     | Found a gate to the Vaults.
 19606 | D:13     | Received a gift from Okawaru
 19665 | D:13     | Learned a level 1 spell: Apportation
 19667 | D:13     | Learned a level 1 spell: Summon Butterflies
 19671 | D:13     | Learned a level 3 spell: Portal Projectile
 19753 | D:14     | Received a gift from Okawaru
 19906 | D:14     | Found the +0 staff of Battle
 19953 | D:14     | Received a gift from Okawaru
 21107 | D:15     | Entered Level 15 of the Dungeon
 21757 | D:15     | Found a staircase to the Depths.
 21945 | Orc:1    | Entered Level 1 of the Orcish Mines
 22091 | Orc:1    | Received a gift from Okawaru
 22394 | Orc:2    | Entered Level 2 of the Orcish Mines
 22516 | Orc:2    | Reached XP level 16. HP: 153/159 MP: 21/21
 22532 | Orc:2    | Found a staircase to the Elven Halls.
 23270 | Orc:2    | Found Heisos's Food Emporium.
 23270 | Orc:2    | Found Wumaiv's Magic Scroll Shop.
 23272 | Orc:2    | Found Zahoraseph's Distillery.
 23272 | Orc:2    | Found Sis Gar's Gadget Shop.
 23297 | Orc:2    | Bought a wand of scattershot (4) for 360 gold pieces
 23297 | Orc:2    | Bought a wand of digging (7) for 330 gold pieces
 23484 | Spider:1 | Entered Level 1 of the Spider Nest
 23612 | Spider:1 | Received a gift from Okawaru
 23667 | Spider:1 | Received a gift from Okawaru
 24041 | Spider:2 | Noticed Frances
 24136 | Spider:2 | Noticed Asterion
 24459 | Spider:2 | Killed Frances
 24469 | Spider:2 | Killed Asterion
 25024 | Spider:2 | Received a gift from Okawaru
 25024 | Spider:2 | Noticed Arachne
 25126 | Spider:2 | Identified the +0 robe of the Known World {Int+2} (Okawaru
                  | gifted it to you on level 2 of the Spider Nest)
 25196 | Spider:2 | Killed Arachne
 25201 | Spider:2 | Identified a scroll of acquirement
 25205 | Spider:2 | Got a distressingly furry hat
 25206 | Spider:2 | Identified the +1 hat "Devolier" {+Blink rN+ Int+4 Dex-5}
                  | (You acquired it on level 2 of the Spider Nest)
 25926 | Spider:3 | Reached XP level 17. HP: 139/170 MP: 22/22
 26091 | Spider:4 | Entered Level 4 of the Spider Nest
 26424 | Spider:4 | Received a gift from Okawaru
 27247 | Spider:4 | Got a gossamer rune of Zot
 27622 | Shoals:1 | Entered Level 1 of the Shoals
 27638 | Shoals:1 | Received a gift from Okawaru
 27884 | Shoals:1 | Found a transporter.
 27887 | Shoals:1 | Noticed Vojta's ghost (journeyman FeCj)
 27915 | Shoals:1 | Found a transporter.
 28248 | Shoals:1 | Killed Vojta's ghost
 28285 | Shoals:1 | Got a fine brass ring
 28288 | Shoals:1 | Identified the cursed ring "Faonwas" {rC+ EV-2} (You found
                  | it on level 1 of the Shoals)
 28371 | Shoals:2 | Found a transporter.
 28377 | Shoals:2 | Noticed arthad's ghost (adept VSFi)
 28406 | Shoals:2 | Received a gift from Okawaru
 28406 | Shoals:2 | Reached skill level 10 in Armour
 28705 | Shoals:2 | Found a transporter.
 28734 | Shoals:2 | Noticed a kraken
 28764 | Shoals:2 | Killed a kraken
 28764 | Shoals:2 | Received a gift from Okawaru
 28998 | Shoals:2 | Reached XP level 18. HP: 182/182 MP: 24/24
 29044 | Shoals:2 | Received a gift from Okawaru
 29542 | Shoals:3 | Received a gift from Okawaru
 29602 | Shoals:3 | Identified the +5 glaive of Wealth {vamp, rC+ Int+4} (You
                  | found it on level 3 of the Shoals)
 29857 | Shoals:4 | Entered Level 4 of the Shoals
 29969 | Shoals:4 | Identified the +4 shield "Fuyhum" {Dex+4}
 29969 | Shoals:4 | Noticed Donald
 29987 | Shoals:4 | Killed Donald
 29990 | Shoals:4 | // donald with disto-axe.used lamp+net (melee)
 30116 | Shoals:4 | Identified the +8 spear "Daisiz" {venom, *Noise +Inv Int+4
                  | Stlth+} (You found it on level 4 of the Shoals)
 30240 | Shoals:4 | Received a gift from Okawaru
 30243 | Shoals:4 | Identified the Guide on Creation
 30368 | Shoals:4 | Received a gift from Okawaru
 30503 | Shoals:4 | Identified the +8 scimitar of Anguish {slice, rC+ rN+ SInv
                  | Stlth+} (Okawaru gifted it to you on level 4 of the Shoals)
 30668 | Shoals:4 | Reached skill level 10 in Evocations
 30693 | Shoals:4 | Got a barnacled rune of Zot
 30817 | Shoals:4 | Received a gift from Okawaru
 30858 | Shoals:4 | Got a shimmering rapier
 30859 | Shoals:4 | Identified the +6 rapier "Koapp" {pierce, rC+ MR+ Str+3
                  | Dex-2} (You found it on level 4 of the Shoals)
 31053 | Shoals:2 | Killed arthad's ghost
 31053 | Shoals:2 | Received a gift from Okawaru
 31113 | Shoals:2 | Got a steaming hat
 31124 | Shoals:2 | Identified the +2 hat of Kalleata {+Fly rElec} (You found
                  | it on level 2 of the Shoals)
 31323 | Elf:1    | Entered Level 1 of the Elven Halls
 31372 | Elf:1    | Received a gift from Okawaru
 31429 | Elf:1    | Reached skill level 10 in Dodging
 31431 | Elf:1    | Received a gift from Okawaru
 31504 | Elf:1    | Found Byry's Food Emporium.
 31626 | Elf:1    | Identified the Guide on the Creative Snowflakes
 31704 | Elf:1    | Received a gift from Okawaru
 32187 | Elf:2    | Received a gift from Okawaru
 32366 | Elf:2    | Identified the Disquisition on Attacks
 32408 | Elf:2    | Received a gift from Okawaru
 32425 | Elf:2    | Reached XP level 19. HP: 157/192 MP: 25/25
 32707 | Elf:2    | Found Beoggic's Magic Scroll Boutique.
 32729 | Elf:2    | Bought a scroll of identify for 24 gold pieces
 32729 | Elf:2    | Bought a scroll of identify for 24 gold pieces
 32729 | Elf:2    | Bought a scroll of identify for 24 gold pieces
 32729 | Elf:2    | Bought a scroll of identify for 24 gold pieces
 32729 | Elf:2    | Bought a scroll of identify for 24 gold pieces
 32729 | Elf:2    | Bought a scroll of identify for 24 gold pieces
 32789 | Elf:2    | Found a runed translucent door.
 32818 | Elf:2    | Found a runed translucent door.
 33328 | Elf:2    | Received a gift from Okawaru
 33534 | Elf:2    | Received a gift from Okawaru
 33711 | Elf:3    | Entered Level 3 of the Elven Halls
 34321 | Elf:3    | Received a gift from Okawaru
 34323 | Elf:3    | Noticed Louise
 34324 | Elf:3    | Received a gift from Okawaru
 34326 | Elf:3    | Reached skill level 15 in Unarmed Combat
 34332 | Elf:3    | Received a gift from Okawaru
 34334 | Elf:3    | Killed Louise
 34416 | Elf:3    | Reached XP level 20. HP: 125/205 MP: 24/26
 34441 | Elf:3    | Received a gift from Okawaru
 34595 | Elf:3    | Identified the ring "Xudghes" {Wiz rPois Dex+5}
 34622 | Elf:3    | Received a gift from Okawaru
 34692 | Elf:3    | Received a gift from Okawaru
 34865 | Elf:3    | Identified the cursed ring "Esoruck" {rF+ rC+ Slay-3} (You
                  | found it on level 3 of the Elven Halls)
 34913 | Elf:3    | Identified the cursed +2 hunting sling of Prescription
                  | {flame, rC+ SInv} (You found it on level 3 of the Elven
                  | Halls)
 35279 | Elf:1    | Received a gift from Okawaru
 35819 | Elf:3    | Identified the +0 robe of Dessongad {rF+ Regen+ Str+7
                  | Dex-2} (You found it on level 3 of the Elven Halls)
 36042 | Elf:2    | Bought 2 scrolls of fog for 48 gold pieces
 36042 | Elf:2    | Bought a scroll of fear for 42 gold pieces
 36080 | Elf:1    | Bought a ration for 70 gold pieces
 36080 | Elf:1    | Bought a ration for 70 gold pieces
 36080 | Elf:1    | Bought a ration for 70 gold pieces
 36080 | Elf:1    | Bought a ration for 70 gold pieces
 36080 | Elf:1    | Bought a ration for 70 gold pieces
 36080 | Elf:1    | Bought a ration for 70 gold pieces
 36080 | Elf:1    | Bought a ration for 70 gold pieces
 36080 | Elf:1    | Bought a ration for 70 gold pieces
 36080 | Elf:1    | Bought a ration for 70 gold pieces
 36080 | Elf:1    | Bought a ration for 70 gold pieces
 36080 | Elf:1    | Bought a ration for 70 gold pieces
 36139 | Orc:2    | Bought a scroll of identify for 26 gold pieces
 36139 | Orc:2    | Bought a scroll of teleportation for 39 gold pieces
 36139 | Orc:2    | Bought 3 scrolls of fog for 78 gold pieces
 36139 | Orc:2    | Bought a scroll of summoning for 123 gold pieces
 36139 | Orc:2    | Bought a scroll of identify for 26 gold pieces
 36146 | Orc:2    | Bought a potion of curing for 45 gold pieces
 36146 | Orc:2    | Bought a potion of heal wounds for 75 gold pieces
 36146 | Orc:2    | Bought a potion of flight for 45 gold pieces
 36146 | Orc:2    | Bought a potion of haste for 150 gold pieces
 36146 | Orc:2    | Bought a potion of curing for 45 gold pieces
 36146 | Orc:2    | Bought a potion of mutation for 120 gold pieces
 36146 | Orc:2    | Bought a potion of lignification for 45 gold pieces
 36146 | Orc:2    | Bought a potion of ambrosia for 120 gold pieces
 36146 | Orc:2    | Bought a potion of curing for 45 gold pieces
 36146 | Orc:2    | Bought a potion of mutation for 120 gold pieces
 36146 | Orc:2    | Bought a potion of lignification for 45 gold pieces
 36146 | Orc:2    | Bought 2 potions of curing for 90 gold pieces
 36146 | Orc:2    | Bought a potion of lignification for 45 gold pieces
 36302 | Vaults:1 | Entered Level 1 of the Vaults
 36492 | Vaults:1 | Reached skill level 15 in Throwing
 36730 | Vaults:1 | Received a gift from Okawaru
 37135 | Vaults:1 | Received a gift from Okawaru
 38020 | Vaults:2 | Noticed Saint Roka
 38046 | Vaults:2 | Killed Saint Roka
 38139 | Vaults:2 | Reached XP level 21. HP: 199/217 MP: 27/27
 38172 | Vaults:2 | Reached skill level 15 in Fighting
 38227 | Vaults:2 | Reached XP level 22. HP: 227/227 MP: 28/28
 38352 | Vaults:2 | Found Wor Vauh's Assorted Antiques.
 38364 | Vaults:2 | Bought a wand of paralysis (7) for 50 gold pieces
 38364 | Vaults:2 | Bought a scroll of blinking for 187 gold pieces
 38391 | Vaults:2 | Found a staircase to the Crypt.
 38555 | Vaults:2 | Noticed Sojobo
 38766 | Vaults:2 | Found a glowing golden altar of the Shining One.
 38892 | Vaults:2 | Killed Sojobo
 39108 | Vaults:3 | Noticed Boris
 39133 | Vaults:3 | Killed Boris
 39133 | Vaults:3 | Received a gift from Okawaru
 39600 | Vaults:3 | Found Rehockav's General Store.
 39632 | Vaults:3 | Bought a potion of heal wounds for 85 gold pieces
 39632 | Vaults:3 | Bought 2 potions of might for 136 gold pieces
 39710 | Vaults:3 | Received a gift from Okawaru
 40804 | Vaults:4 | Received a gift from Okawaru
 40901 | Vaults:4 | Received a gift from Okawaru
 40908 | Vaults:4 | Noticed Frederick
 40915 | Vaults:4 | Killed Frederick
 40915 | Vaults:4 | Reached XP level 23. HP: 205/241 MP: 23/29
 41310 | Vaults:4 | Received a gift from Okawaru
 42775 | Depths:1 | Entered Level 1 of the Depths
 42826 | Depths:1 | Got a clouded marble ring
 42827 | Depths:1 | Identified the ring "Cupnid" {Ice +Fly Str+4} (You found it
                  | on level 1 of the Depths)
 42853 | Depths:1 | Noticed Aizul
 42863 | Depths:1 | Killed Aizul
 42872 | Depths:1 | Found a one-way gate to the infinite horrors of the Abyss.
 42931 | Depths:1 | Identified the +9 shield of Ashenzari's Supremacy {*Slow
                  | MR+ Stlth+} (You found it on level 1 of the Depths)
 42986 | Depths:1 | Found a gateway to a ziggurat.
 43241 | Depths:1 | Found Ocum's Magic Scroll Emporium.
 43244 | Depths:1 | Found Hejon's Book Shoppe.
 43246 | Depths:1 | Found Yzil's Magic Scroll Emporium.
 43366 | Depths:1 | Found a gateway to Hell.
 43715 | Depths:1 | Learned a level 2 spell: Blink
 43722 | Depths:1 | Learned a level 6 spell: Statue Form
 43728 | Depths:1 | Learned a level 5 spell: Aura of Abjuration
 43833 | Depths:2 | Received a gift from Okawaru
 44054 | Depths:2 | Received a gift from Okawaru
 44234 | Depths:2 | Identified the +5 hand crossbow of the Endless March
                  | {flame, rElec rF+ Int+4} (You found it on level 2 of the
                  | Depths)
 44392 | Depths:2 | Received a gift from Okawaru
 44735 | Depths:2 | Noticed a caustic shrike
 44745 | Depths:2 | Killed a caustic shrike
 44752 | Depths:2 | Reached XP level 24. HP: 232/256 MP: 25/29
 44776 | Depths:2 | Identified the +3 war axe "Geg Zeut" {drain, rElec Stlth+}
                  | (You found it on level 2 of the Depths)
 44813 | Depths:2 | Identified the amulet "Ytze Fea" {Reflect rElec rN++ MR+
                  | SH+5} (You found it on level 2 of the Depths)
 45764 | Depths:3 | Received a gift from Okawaru
 46103 | Depths:3 | Found a one-way gate leading to the halls of Pandemonium.
 46429 | Depths:4 | Received a gift from Okawaru
 46574 | Depths:4 | Received a gift from Okawaru
 46692 | Depths:4 | Received a gift from Okawaru
 46847 | Depths:4 | Received a gift from Okawaru
 47026 | Depths:4 | Received a gift from Okawaru
 47537 | Depths:4 | Received a gift from Okawaru
 47676 | Depths:4 | Received a gift from Okawaru
 47792 | Depths:4 | Found an ancient bone altar of Kikubaaqudgha.
 48028 | Depths:4 | Found Orrac's Slaves and Accessories.
 48100 | Depths:4 | Found Jack's Jerk-a-riffic Jerky.
 48114 | Depths:4 | Received a gift from Okawaru
 48166 | Depths:4 | Found Eryphai's Miraculous Elixirs.
 48225 | Depths:4 | Found The Legendary Ogocax's Legendary Smithy.
 48284 | Depths:5 | Entered Level 5 of the Depths
 48293 | Depths:5 | Reached skill level 10 in Invocations
 48294 | Depths:5 | Reached XP level 25. HP: 257/270 MP: 28/29
 48573 | Depths:5 | Found a gate to the Realm of Zot.
 48651 | Depths:5 | Received a gift from Okawaru
 48815 | Depths:5 | Found Depett's Blood Bar.
 48839 | Depths:5 | Found Cykoag's Jewellery Boutique.
 48839 | Depths:5 | Found Paitsoas's Gadget Shoppe.
 48841 | Depths:5 | Found Fulludd's Gadget Shoppe.
 49098 | Depths:5 | Identified the +4 hunting sling "Ufaczidgh" {freeze, +Blink
                  | rC+} (You found it on level 5 of the Depths)
 49298 | Depths:5 | Received a gift from Okawaru
 49471 | Depths:5 | Identified the cursed +0 robe of Elitism {*Drain rC+
                  | Regen+} (You found it on level 5 of the Depths)
 50330 | Vaults:2 | Bought a glowing cloak for 187 gold pieces
 50608 | Depths:5 | Bought the ring "Wucudiv" {Wiz -Tele rF++ Slay+2} for 916
                  | gold pieces
 50987 | Slime:1  | Entered Level 1 of the Pits of Slime
 51115 | Slime:5  | Entered Level 5 of the Pits of Slime
 51115 | Slime:5  | Noticed Dissolution
 51117 | Slime:5  | Killed Dissolution
 51523 | Slime:5  | Noticed the Royal Jelly
 51529 | Slime:5  | Found a viscous altar of Jiyva.
 51540 | Slime:5  | Killed the Royal Jelly
 51540 | Slime:5  | Received a gift from Okawaru
 51582 | Slime:5  | Got a translucent steel ring
 51631 | Slime:5  | Identified the ring "Zewkacvy" {rPois MR+ Str+5 Int-4
                  | Stlth-} (You found it on level 5 of the Pits of Slime)
 51632 | Slime:5  | Identified the +8 great sword "Ilisaid" {slice, *Rage rN+
                  | MR+ Str+3} (You found it on level 5 of the Pits of Slime)
 51651 | Slime:5  | Got a shimmering brass ring
 51655 | Slime:5  | Got a slimy rune of Zot
 51672 | Slime:5  | Identified the Catalogue of Evil Transmutation
 51696 | Slime:5  | Identified the ring of Rinaje {rPois rC- Str+3 Int+6
                  | Stlth+} (You found it on level 5 of the Pits of Slime)
 52153 | Vaults:5 | Entered Level 5 of the Vaults
 52153 | Vaults:5 | Noticed Boris
 52196 | Vaults:5 | Killed Boris
 52216 | Vaults:5 | Received a gift from Okawaru
 52339 | Vaults:5 | Received a gift from Okawaru
 52380 | Vaults:5 | Reached XP level 26. HP: 247/283 MP: 29/29
 52478 | Vaults:5 | Noticed an ancient lich
 52493 | Vaults:5 | Killed an ancient lich
 52604 | Vaults:5 | Received a gift from Okawaru
 52892 | Vaults:5 | Identified the +3 great mace of Jautioqa {venom, rElec
                  | Int+4 Dex+3 Stlth+} (You found it on level 5 of the Vaults)
 52933 | Vaults:5 | Reached skill level 15 in Shields
 53002 | Vaults:5 | Identified the cursed +0 shortbow of Summer {freeze, rC-
                  | Int+2 Dex+4}
 53016 | Vaults:5 | Reached skill level 1 in Translocations
 53039 | Vaults:5 | Reached skill level 1 in Spellcasting
 53043 | Vaults:5 | Received a gift from Okawaru
 53100 | Vaults:5 | Found the +8 storm bow {elec, penet}
 53115 | Vaults:5 | Identified the +8 long sword of Tumult {freeze, Int+2} (You
                  | found it on level 5 of the Vaults)
 53302 | Vaults:5 | Received a gift from Okawaru
 53354 | Vaults:5 | Identified the +1 leather armour of Rozxag {rN+}
 53364 | Vaults:5 | Received a gift from Okawaru
 53398 | Vaults:5 | Got a silver rune of Zot
 53400 | Vaults:5 | Identified the Collected Works on Cold
 53414 | Vaults:5 | Identified the ring of Deqarph {+Fly MR+} (You found it on
                  | level 5 of the Vaults)
 53416 | Vaults:5 | Identified the cursed +0 fustibalus of Rymei {freeze,
                  | *Corrode rPois rC+ MR+++} (You found it on level 5 of the
                  | Vaults)
 54031 | Vaults:5 | Noticed an ancient lich
 54042 | Vaults:5 | Killed an ancient lich
 54042 | Vaults:5 | Received a gift from Okawaru
 54042 | Vaults:5 | Reached skill level 5 in Spellcasting
 54352 | Vaults:5 | Identified the +8 mace of the Heavens {flame, Int+7} (You
                  | found it on level 5 of the Vaults)
 55030 | Zot:1    | Entered Level 1 of the Realm of Zot
 55064 | Zot:1    | Reached skill level 1 in Earth Magic
 55087 | Zot:1    | Noticed an orb of fire
 55097 | Zot:1    | Killed an orb of fire
 55214 | Zot:1    | Received a gift from Okawaru
 55229 | Zot:1    | Reached skill level 5 in Earth Magic
 55263 | Zot:1    | Reached XP level 27. HP: 184/291 MP: 23/31
 55532 | Zot:1    | You fall into a shaft and drop 1 floor!
 55555 | Zot:2    | Received a gift from Okawaru
 55601 | Zot:2    | Identified the +6 lajatang "Wennizuth" {speed, *Noise +Inv
                  | rN+++ Int-4} (Okawaru gifted it to you on level 2 of the
                  | Realm of Zot)
 56297 | Zot:2    | Identified the Guide on the Noxious Mountains
 56924 | Zot:2    | Reached skill level 10 in Earth Magic
 56954 | Zot:2    | Received a gift from Okawaru
 57079 | Zot:3    | Reached skill level 1 in Transmutations
 57080 | Zot:3    | Reached skill level 1 in Summonings
 57508 | Zot:3    | Received a gift from Okawaru
 57598 | Zot:3    | Identified the cursed +1 dagger of Ykhlufuu {freeze, Str+4
                  | SInv}
 57923 | Zot:3    | Received a gift from Okawaru
 57985 | Zot:3    | Identified the +6 hand crossbow of Kikoewag {flame, Str+5}
                  | (Okawaru gifted it to you on level 3 of the Realm of Zot)
 58252 | Zot:3    | Learned a level 4 spell: Summon Lightning Spire
 58396 | Zot:4    | Identified the +4 morningstar "Hoecu" {speed, rElec} (You
                  | found it on level 4 of the Realm of Zot)
 58516 | Zot:4    | Reached skill level 1 in Air Magic
 58575 | Zot:4    | Received a gift from Okawaru
 58733 | Zot:4    | Received a gift from Okawaru
 58734 | Zot:4    | Got a transparent hat {god gift}
 58735 | Zot:4    | Identified the +1 hat "Binak" {rF+ MR++} (Okawaru gifted it
                  | to you on level 4 of the Realm of Zot)
 58820 | Zot:4    | Reached skill level 5 in Translocations
 59357 | Zot:5    | Entered Level 5 of the Realm of Zot
 59423 | Zot:5    | Reached skill level 5 in Transmutations
 59426 | Zot:5    | Reached skill level 5 in Summonings
 60110 | Zot:5    | Noticed an orb of fire
 60116 | Zot:5    | Gained mutation: You are weak. (Str -2) [an orb of fire]
 60117 | Zot:5    | Gained mutation: You are frail. (-10% HP) [an orb of fire]
 60121 | Zot:5    | Killed an orb of fire
 60121 | Zot:5    | Received a gift from Okawaru
 60122 | Zot:5    | Noticed an orb of fire
 60131 | Zot:5    | Killed an orb of fire
 60131 | Zot:5    | Noticed an orb of fire
 60141 | Zot:5    | Killed an orb of fire
 60142 | Zot:5    | Noticed an ancient lich
 60142 | Zot:5    | Noticed an ancient lich
 60149 | Zot:5    | Killed an ancient lich
 60154 | Zot:5    | Killed an ancient lich
 60155 | Zot:5    | Noticed an orb of fire
 60159 | Zot:5    | Killed an orb of fire
 60167 | Zot:5    | Received a gift from Okawaru
 60180 | Zot:5    | Noticed an orb of fire
 60187 | Zot:5    | Killed an orb of fire
 60200 | Zot:5    | Noticed an ancient lich
 60208 | Zot:5    | Killed an ancient lich
 60226 | Zot:5    | Noticed an orb of fire
 60232 | Zot:5    | Killed an orb of fire
 60234 | Zot:5    | Received a gift from Okawaru
 60594 | Zot:5    | Received a gift from Okawaru
 62176 | Lair:1   | Lost mutation: You are weak. (Str -2) [potion of mutation]
 62176 | Lair:1   | Lost mutation: You are frail. (-10% HP) [potion of
                  | mutation]
 62176 | Lair:1   | Gained mutation: You are robust. (+10% HP) [potion of
                  | mutation]
 62176 | Lair:1   | Gained mutation: Your system is resistant to poisons.
                  | (rPois) [potion of mutation]
 62271 | Temple   | Fell from the grace of Okawaru
 62271 | Temple   | Became a worshipper of the Shining One
 62573 | Crypt:1  | Entered Level 1 of the Crypt
 62642 | Crypt:1  | Reached * piety under the Shining One
 62688 | Crypt:1  | Noticed Boris
 62701 | Crypt:1  | Killed Boris
 62835 | Crypt:1  | Reached ** piety under the Shining One
 63089 | Crypt:1  | Noticed Mara
 63089 | Crypt:1  | Reached *** piety under the Shining One
 63098 | Crypt:1  | Noticed Nebukadnezar's illusion
 63103 | Crypt:1  | Killed Mara
 63294 | Crypt:1  | Found a runed translucent gate.
 63294 | Crypt:1  | Found a runed translucent gate.
 63294 | Crypt:1  | Found an ancient bone altar of Kikubaaqudgha.
 63294 | Crypt:1  | Found a runed translucent gate.
 63294 | Crypt:1  | Noticed Uthracwa's ghost (veteran MiGl)
 63295 | Crypt:1  | Noticed an ancient lich
 63309 | Crypt:1  | Killed an ancient lich
 63362 | Crypt:1  | Killed Uthracwa's ghost
 63372 | Crypt:1  | Got an ancient gossamer ring
 63383 | Crypt:1  | Identified the ring of Kathriki {rPois rF+ Str+4 Int+3}
                  | (You found it on level 1 of the Crypt)
 63449 | Crypt:2  | Noticed Bai Suzhen
 63464 | Crypt:2  | Killed Bai Suzhen
 63729 | Crypt:2  | Reached **** piety under the Shining One
 64124 | Crypt:2  | Reached ***** piety under the Shining One
 64309 | Crypt:3  | Entered Level 3 of the Crypt
 64676 | Crypt:3  | Reached ****** piety under the Shining One
 64915 | Crypt:3  | Identified the ring of Dideots {rElec rC+ rN+ Str-3}
 64929 | Crypt:3  | Identified the +4 dagger of Holocsul {pain, rN+}
 64979 | Crypt:3  | Noticed Jory
 64996 | Crypt:3  | Killed Jory
 65215 | Crypt:3  | Reached skill level 15 in Earth Magic
 65301 | Crypt:3  | Reached skill level 15 in Invocations
 65308 | Crypt:3  | Found a staircase to the Tomb.
 66022 | Hell     | Entered the Vestibule of Hell
 66022 | Hell     | Noticed Geryon
 66036 | Hell     | Killed Geryon
 66056 | Hell     | Noticed an ancient lich
 66063 | Hell     | Killed an ancient lich
 66200 | Hell     | Found a gateway to the freezing wastes of Cocytus.
 66261 | Hell     | Found a gateway to the decaying netherworld of Tartarus.
 66315 | Hell     | Found a gateway to the ashen valley of Gehenna.
 66426 | Hell     | Found a gateway to the Iron City of Dis.
 67097 | Depths:1 | Bought a book of Geomancy for 525 gold pieces
 67100 | Depths:1 | Learned a level 2 spell: Passwall
 67102 | Depths:1 | Bought a scroll of identify for 30 gold pieces
 67102 | Depths:1 | Bought a scroll of blinking for 112 gold pieces
 67102 | Depths:1 | Bought a scroll of identify for 30 gold pieces
 67102 | Depths:1 | Bought a scroll of teleportation for 45 gold pieces
 67106 | Depths:1 | Bought a scroll of fog for 42 gold pieces
 67106 | Depths:1 | Bought a scroll of identify for 42 gold pieces
 67106 | Depths:1 | Bought a scroll of blinking for 157 gold pieces
 67106 | Depths:1 | Bought a scroll of magic mapping for 73 gold pieces
 67106 | Depths:1 | Bought a scroll of identify for 42 gold pieces
 67106 | Depths:1 | Bought a scroll of summoning for 199 gold pieces
 67106 | Depths:1 | Bought a scroll of teleportation for 63 gold pieces
 67167 | Depths:4 | Was forgiven by Okawaru
 67219 | Depths:5 | Bought a wand of paralysis (4) for 96 gold pieces
 67219 | Depths:5 | Bought a sack of spiders for 320 gold pieces
 67219 | Depths:5 | Bought a wand of digging (5) for 288 gold pieces
 67219 | Depths:5 | Bought a wand of paralysis (12) for 224 gold pieces
 67219 | Depths:5 | Bought a sack of spiders for 320 gold pieces
 67367 | Depths:5 | Bought a wand of paralysis (9) for 275 gold pieces
 67597 | D:10     | Bought a potion of curing for 63 gold pieces
 67597 | D:10     | Bought a potion of curing for 63 gold pieces
 67837 | Vaults:2 | Bought a potion of might for 100 gold pieces
 68063 | Orc:2    | Bought a wand of paralysis (9) for 165 gold pieces
 68066 | Orc:2    | Bought a ration for 65 gold pieces
 68066 | Orc:2    | Bought a ration for 65 gold pieces
 68066 | Orc:2    | Bought a ration for 65 gold pieces
 68066 | Orc:2    | Bought a ration for 65 gold pieces
 68066 | Orc:2    | Bought a ration for 65 gold pieces
 68066 | Orc:2    | Bought a ration for 65 gold pieces
 68066 | Orc:2    | Bought a ration for 65 gold pieces
 68066 | Orc:2    | Bought a ration for 65 gold pieces
 68066 | Orc:2    | Bought a ration for 65 gold pieces
 68333 | Depths:4 | Bought a ration for 60 gold pieces
 68333 | Depths:4 | Bought a ration for 60 gold pieces
 68333 | Depths:4 | Bought a ration for 60 gold pieces
 68333 | Depths:4 | Bought a ration for 60 gold pieces
 68333 | Depths:4 | Bought a ration for 60 gold pieces
 68333 | Depths:4 | Bought a ration for 60 gold pieces
 68333 | Depths:4 | Bought a ration for 60 gold pieces
 68333 | Depths:4 | Bought a ration for 60 gold pieces
 68333 | Depths:4 | Bought a ration for 60 gold pieces
 68333 | Depths:4 | Bought a ration for 60 gold pieces
 68346 | Depths:4 | Bought a potion of mutation for 400 gold pieces
 68346 | Depths:4 | Bought a potion of mutation for 400 gold pieces
 68346 | Depths:4 | Bought a potion of mutation for 400 gold pieces
 68501 | Depths:5 | Voluntarily entered the Abyss.
 68607 | Abyss:2  | Found a corrupted altar of Lugonu.
 68989 | Abyss:4  | Paralysed by a floating eye for 2 turns
 69145 | Abyss:4  | Found a corrupted altar of Lugonu.
 69178 | Abyss:4  | Paralysed by accursed screaming for 1 turns
 69295 | Abyss:4  | Identified the Papyrus of Destructive Shape Shifting
 69482 | Abyss:4  | Noticed an ancient lich
 69495 | Abyss:4  | Killed an ancient lich
 69775 | Abyss:4  | Got an abyssal rune of Zot
 70023 | Abyss:5  | Entered Level 5 of the Abyss
 70023 | Abyss:5  | Found a corrupted altar of Lugonu.
 70101 | Depths:5 | Escaped the Abyss
 70227 | Geh:1    | Entered Level 1 of Gehenna
 70692 | Geh:7    | Entered Level 7 of Gehenna
 71346 | Geh:7    | Identified the +7 sceptre of Asmodeus
 71346 | Geh:7    | Noticed Asmodeus
 71356 | Geh:7    | Killed Asmodeus
 71361 | Geh:7    | Got an obsidian rune of Zot
 71550 | Tar:1    | Entered Level 1 of Tartarus
 71571 | Tar:1    | You fall into a shaft and drop 1 floor!
 71660 | Tar:2    | You fall into a shaft and drop 1 floor!
 72284 | Tar:7    | Entered Level 7 of Tartarus
 73193 | Tar:7    | Noticed Ereshkigal
 73202 | Tar:7    | Killed Ereshkigal
 73223 | Tar:7    | Identified the Disquisition on Aid and Attacks
 73233 | Tar:7    | Got a bone rune of Zot
 73426 | Dis:1    | Entered Level 1 of the Iron City of Dis
 74063 | Dis:4    | Gained mutation: Your spells are a little easier to cast,
                  | but a little less powerful. [mutagenic glow]
 74478 | Dis:7    | Entered Level 7 of the Iron City of Dis
 74675 | Dis:7    | Reached skill level 10 in Spellcasting
 74774 | Dis:7    | Identified the +7 quarterstaff "Sojucs" {crush, Fragile
                  | Str+6}
 74783 | Dis:7    | Reached skill level 5 in Stealth
 74922 | Dis:7    | Got a fine silver ring
 75026 | Dis:7    | Identified the +4 staff of Dispater
 75026 | Dis:7    | Noticed Dispater
 75052 | Dis:7    | Killed Dispater
 75098 | Dis:7    | Got an iron rune of Zot
 75266 | Hell     | Identified the ring of Sif Muna's Hope {Wiz Dex+2} (You
                  | found it on level 7 of the Iron City of Dis)
 75304 | Coc:1    | Entered Level 1 of Cocytus
 75675 | Coc:7    | Entered Level 7 of Cocytus
 76246 | Coc:7    | Identified the ring "Kythufub" {Ice rN+ Str-4 Dex+3}
 76246 | Coc:7    | Noticed Antaeus
 76255 | Coc:7    | Killed Antaeus
 76272 | Coc:7    | Got an icy rune of Zot
 76664 | Coc:7    | Learned a level 3 spell: Lesser Beckoning
 76667 | Coc:7    | Learned a level 2 spell: Swiftness
 76669 | Coc:7    | Learned a level 1 spell: Confusing Touch
 76908 | Pan      | Entered Pandemonium
 77036 | Pan      | Found an exit through the horrors of the Abyss.
 77159 | Pan      | Entered the realm of Gloorx Vloq.
 77615 | Pan      | Found an exit through the horrors of the Abyss.
 77951 | Pan      | Noticed Gloorx Vloq
 77959 | Pan      | Killed Gloorx Vloq
 77983 | Pan      | Got a dark rune of Zot
 78243 | Pan      | Entered the realm of Cerebov.
 78633 | Pan      | Identified the Disquisition on Entrancing Combat Magic
 78779 | Pan      | Identified the Catalogue of the Mountains and Sinister
                  | Rituals
 78780 | Pan      | Identified the Collected Works on Combat Magic
 78978 | Pan      | Got a faintly glowing golden ring
 78979 | Pan      | Identified the ring "Yfos" {-Tele rElec Dex+8 Slay+4} (You
                  | found it in Pandemonium)
 79084 | Pan      | Learned a level 4 spell: Passage of Golubria
 79087 | Pan      | Got a fine ivory ring
 79119 | Pan      | Got a scorched steel amulet
 79315 | Pan      | Identified the amulet "Uterear" {RegenMP rElec Str+3
                  | Slay+2} (You found it in Pandemonium)
 79316 | Pan      | Identified the ring "Les Head" {-Tele rPois Int+9 Dex-4
                  | Stlth+} (You found it in Pandemonium)
 79362 | Pan      | Identified the +6 sword of Cerebov {flame}
 79362 | Pan      | Noticed Cerebov
 79381 | Pan      | Killed Cerebov
 79421 | Pan      | Got a fiery rune of Zot
 79538 | Pan      | Entered the realm of Mnoleg.
 79565 | Pan      | Noticed Mnoleg
 79582 | Pan      | Killed Mnoleg
 79582 | Pan      | Lost mutation: Your spells are a little easier to cast, but
                  | a little less powerful. [a neqoxec]
 79611 | Pan      | Got a glowing rune of Zot
 79826 | Pan      | Noticed Mennas
 79845 | Pan      | Killed Mennas
 79896 | Pan      | Found an exit through the horrors of the Abyss.
 80160 | Pan      | Entered the realm of Lom Lobon.
 80267 | Pan      | Found an exit through the horrors of the Abyss.
 80819 | Pan      | Noticed Lom Lobon
 80838 | Pan      | Killed Lom Lobon
 80842 | Pan      | Got a magical rune of Zot
 80964 | Pan      | // no shatter yet !
 81054 | Pan      | Noticed Danil the pandemonium lord
 81060 | Pan      | Killed Danil the pandemonium lord
 81100 | Pan      | Found an exit through the horrors of the Abyss.
 81268 | Pan      | Noticed Xolaosuss the pandemonium lord
 81273 | Pan      | Killed Xolaosuss the pandemonium lord
 81531 | Pan      | Noticed Abakyu the pandemonium lord
 81536 | Pan      | Killed Abakyu the pandemonium lord
 81667 | Pan      | Noticed Wikla the pandemonium lord
 81667 | Pan      | Lost mutation: You are robust. (+10% HP) [a cacodemon]
 81677 | Pan      | Killed Wikla the pandemonium lord
 82412 | Pan      | Noticed a seraph
 82422 | Pan      | Identified the cursed -7 large shield of Quveleeg {rCorr}
 82429 | Pan      | Killed a seraph
 82444 | Pan      | Found a glowing golden altar of the Shining One.
 82456 | Pan      | Identified the Almanac of Freezing Feathers
 82461 | Pan      | Got a demonic rune of Zot
 82665 | Pan      | Found a glowing silver altar of Zin.
 82991 | Pan      | Found a white marble altar of Elyvilon.
 83050 | Depths:4 | Escaped Pandemonium
 83076 | Hell     | // have to Do a zig for shatter
 83159 | Depths:4 | Bought a potion of mutation for 400 gold pieces
 83159 | Depths:4 | Bought a potion of mutation for 400 gold pieces
 83159 | Depths:4 | Bought a potion of mutation for 400 gold pieces
 83159 | Depths:4 | Bought 2 potions of mutation for 800 gold pieces
 83159 | Depths:4 | Bought 2 potions of mutation for 800 gold pieces
 83159 | Depths:4 | Bought a potion of mutation for 400 gold pieces
 83159 | Depths:4 | Bought 2 potions of mutation for 800 gold pieces
 83338 | Zig:1    | Entered Level 1 of a ziggurat
 83358 | Zig:2    | Entered Level 2 of a ziggurat
 83429 | Zig:3    | Entered Level 3 of a ziggurat
 83486 | Zig:4    | Entered Level 4 of a ziggurat
 83518 | Zig:4    | Identified the Reference Book on the Shifting Glacier
 83544 | Zig:5    | Entered Level 5 of a ziggurat
 83550 | Zig:5    | Noticed Zeroroic the pandemonium lord
 83557 | Zig:5    | Killed Zeroroic the pandemonium lord
 83584 | Zig:6    | Entered Level 6 of a ziggurat
 83615 | Zig:6    | Got a glittering steel ring
 83624 | Zig:6    | Identified the ring of Tender Moments {Wiz +Inv Slay+3}
                  | (You found it on level 6 of a ziggurat)
 83753 | Zig:7    | Entered Level 7 of a ziggurat
 83781 | Zig:7    | Found the +3 pair of gauntlets of War {Slay+5}
 83799 | Zig:7    | Identified the Papyrus of the Blaze and the Glacier
 83813 | Zig:8    | Entered Level 8 of a ziggurat
 83832 | Zig:8    | Reached skill level 27 in Unarmed Combat
 83838 | Zig:8    | Noticed a juggernaut
 83838 | Zig:8    | a Killer Klown changed into a juggernaut
 83845 | Zig:8    | Killed a juggernaut
 83866 | Zig:9    | Entered Level 9 of a ziggurat
 83889 | Zig:9    | Identified the Reference Book on Calling
 83899 | Zig:10   | Entered Level 10 of a ziggurat
 83908 | Zig:10   | Noticed a juggernaut
 83908 | Zig:10   | Noticed a juggernaut
 83919 | Zig:10   | Killed a juggernaut
 83926 | Zig:10   | Killed a juggernaut
 83998 | Zig:11   | Entered Level 11 of a ziggurat
 84075 | Zig:12   | Entered Level 12 of a ziggurat
 84096 | Zig:12   | Noticed Lire the pandemonium lord
 84104 | Zig:12   | Killed Lire the pandemonium lord
 84134 | Zig:12   | Identified the Guide on Heat
 84139 | Zig:12   | Got a clouded iron ring
 84140 | Zig:12   | Identified the ring "Arhabb" {rPois rC+ Str+3 Dex-2 Stlth-}
                  | (You found it on level 12 of a ziggurat)
 84234 | Zig:13   | Entered Level 13 of a ziggurat
 84315 | Zig:14   | Entered Level 14 of a ziggurat
 84334 | Zig:14   | Noticed an ancient lich
 84348 | Zig:14   | Killed an ancient lich
 84457 | Zig:14   | Identified the Grimoire of Malediction
 84470 | Zig:15   | Entered Level 15 of a ziggurat
 84534 | Zig:15   | Got a vibrating bronze ring
 84537 | Zig:15   | Got a flickering golden amulet
 84546 | Zig:15   | Identified the ring "Hipeiloc" {rPois rN+ AC+1 Str-4} (You
                  | found it on level 15 of a ziggurat)
 84547 | Zig:15   | Identified the amulet of Seerr {Spirit rPois MP+9 Dex+3}
                  | (You found it on level 15 of a ziggurat)
 84556 | Zig:16   | Entered Level 16 of a ziggurat
 84628 | Zig:16   | Identified the Compendium of Assistive Bewitchment
 84659 | Zig:17   | Entered Level 17 of a ziggurat
 84756 | Zig:17   | Identified the +10 shadow dragon scales of Womus {rPois
                  | Regen+ Int+2 Stlth++++} (You found it on level 17 of a
                  | ziggurat)
 84763 | Zig:17   | Identified the +5 shield of the Morning Star {Str+4} (You
                  | found it on level 17 of a ziggurat)
 84780 | Zig:17   | // ok, 18=last
 84784 | Zig:18   | Entered Level 18 of a ziggurat
 84842 | Zig:18   | Got a fine platinum ring
 84852 | Zig:18   | Got a heavily runed brass ring
 84862 | Zig:18   | Identified Cugeoj's Guide on Supportive Evil Rituals
 84877 | Zig:18   | Identified the ring of Beock {rElec Dex+3 Stlth+} (You
                  | found it on level 18 of a ziggurat)
 84878 | Zig:18   | Identified the ring of Tension {rF+ Str+2 Int-3 Dex+4} (You
                  | found it on level 18 of a ziggurat)
 84887 | Zig:19   | Entered Level 19 of a ziggurat
 84891 | Zig:19   | Noticed a juggernaut
 84900 | Zig:19   | Killed a juggernaut
 84929 | Zig:19   | Noticed a juggernaut
 84931 | Zig:19   | Noticed a juggernaut
 84936 | Zig:19   | Noticed a juggernaut
 84940 | Zig:19   | Killed a juggernaut
 84941 | Zig:19   | Killed a juggernaut
 84946 | Zig:19   | Killed a juggernaut
 85049 | Zig:20   | Entered Level 20 of a ziggurat
 85080 | Zig:20   | Noticed a greater mummy
 85081 | Zig:20   | Noticed a greater mummy
 85083 | Zig:20   | Noticed a greater mummy
 85084 | Zig:20   | Noticed a greater mummy
 85084 | Zig:20   | Noticed a greater mummy
 85085 | Zig:20   | Killed a greater mummy
 85085 | Zig:20   | Noticed a greater mummy
 85086 | Zig:20   | Killed a greater mummy
 85087 | Zig:20   | Killed a greater mummy
 85089 | Zig:20   | Killed a greater mummy
 85090 | Zig:20   | Noticed a greater mummy
 85091 | Zig:20   | Killed a greater mummy
 85091 | Zig:20   | Killed a greater mummy
 85093 | Zig:20   | Noticed a greater mummy
 85098 | Zig:20   | Killed a greater mummy
 85098 | Zig:20   | Noticed a greater mummy
 85100 | Zig:20   | Killed a greater mummy
 85102 | Zig:20   | Killed a greater mummy
 85272 | Zig:20   | Found the +18 shield of the Gong {rElec rN+ MR+ EV-5}
 85297 | Zig:20   | Got a glittering bone ring
 85303 | Zig:20   | Identified the ring of Zoloumo {rF+ Int+2} (You found it on
                  | level 20 of a ziggurat)
 85528 | Depths:4 | Voluntarily entered the Abyss.
 85665 | Depths:4 | Escaped the Abyss
 85667 | Depths:4 | Voluntarily entered the Abyss.
 85679 | Depths:4 | Escaped the Abyss
 85681 | Depths:4 | Voluntarily entered the Abyss.
 85871 | Depths:4 | Escaped the Abyss
 85873 | Depths:4 | Voluntarily entered the Abyss.
 86057 | Depths:4 | Escaped the Abyss
 86158 | Depths:5 | Voluntarily entered the Abyss.
 86278 | Depths:5 | Escaped the Abyss
 86280 | Depths:5 | Voluntarily entered the Abyss.
 86297 | Depths:5 | Escaped the Abyss
 86299 | Depths:5 | Voluntarily entered the Abyss.
 86356 | Depths:5 | Escaped the Abyss
 86360 | Depths:5 | Voluntarily entered the Abyss.
 86769 | Depths:5 | Escaped the Abyss
 87220 | Tomb:1   | Entered Level 1 of the Tomb of the Ancients
 87563 | Tomb:1   | Noticed an ancient lich
 87564 | Tomb:1   | Noticed a greater mummy
 87572 | Tomb:1   | Killed an ancient lich
 87575 | Tomb:1   | Killed a greater mummy
 87579 | Tomb:1   | Noticed a greater mummy
 87584 | Tomb:1   | Killed a greater mummy
 88791 | Tomb:2   | Noticed a greater mummy
 88800 | Tomb:2   | Killed a greater mummy
 88803 | Tomb:2   | Noticed a greater mummy
 88808 | Tomb:2   | Killed a greater mummy
 88809 | Tomb:2   | Noticed an ancient lich
 88809 | Tomb:2   | Noticed a greater mummy
 88814 | Tomb:2   | Killed an ancient lich
 88822 | Tomb:2   | Killed a greater mummy
 89130 | Tomb:1   | Noticed a greater mummy
 89131 | Tomb:1   | Noticed a greater mummy
 89133 | Tomb:1   | Noticed a greater mummy
 89134 | Tomb:1   | Killed a greater mummy
 89134 | Tomb:1   | Reached skill level 27 in Earth Magic
 89138 | Tomb:1   | Killed a greater mummy
 89140 | Tomb:1   | Noticed a greater mummy
 89143 | Tomb:1   | Killed a greater mummy
 89148 | Tomb:1   | Noticed a greater mummy
 89149 | Tomb:1   | Killed a greater mummy
 89155 | Tomb:1   | Killed a greater mummy
 89161 | Tomb:1   | Reached skill level 15 in Spellcasting
 89256 | Tomb:1   | Noticed a greater mummy
 89259 | Tomb:1   | Noticed a greater mummy
 89263 | Tomb:1   | Killed a greater mummy
 89263 | Tomb:1   | Reached skill level 10 in Stealth
 89266 | Tomb:1   | Killed a greater mummy
 89277 | Tomb:1   | Noticed a greater mummy
 89280 | Tomb:1   | Killed a greater mummy
 89280 | Tomb:1   | Reached skill level 15 in Dodging
 89293 | Tomb:1   | Noticed a greater mummy
 89301 | Tomb:1   | Killed a greater mummy
 89303 | Tomb:1   | Noticed a greater mummy
 89304 | Tomb:1   | Noticed a greater mummy
 89310 | Tomb:1   | Killed a greater mummy
 89313 | Tomb:1   | Killed a greater mummy
 89319 | Tomb:1   | Noticed a greater mummy
 89322 | Tomb:1   | Killed a greater mummy
 89334 | Tomb:1   | Noticed a greater mummy
 89338 | Tomb:1   | Noticed a greater mummy
 89341 | Tomb:1   | Killed a greater mummy
 89350 | Tomb:1   | Killed a greater mummy
 89372 | Tomb:1   | Noticed a greater mummy
 89379 | Tomb:1   | Noticed a greater mummy
 89382 | Tomb:1   | Killed a greater mummy
 89384 | Tomb:1   | Noticed a greater mummy
 89387 | Tomb:1   | Killed a greater mummy
 89394 | Tomb:1   | Killed a greater mummy
 89586 | Tomb:1   | Noticed a greater mummy
 89595 | Tomb:1   | Killed a greater mummy
 89610 | Tomb:1   | Noticed a greater mummy
 89617 | Tomb:1   | Killed a greater mummy
 89630 | Tomb:1   | Noticed a greater mummy
 89636 | Tomb:1   | Killed a greater mummy
 89642 | Tomb:1   | Noticed a greater mummy
 89647 | Tomb:1   | Killed a greater mummy
 89651 | Tomb:1   | Noticed a greater mummy
 89658 | Tomb:1   | Killed a greater mummy
 89915 | Tomb:3   | Entered Level 3 of the Tomb of the Ancients
 89928 | Tomb:3   | Noticed a greater mummy
 89929 | Tomb:3   | Noticed a greater mummy
 89930 | Tomb:3   | Found the +7 sceptre of Torment {pain, torment}
 89962 | Tomb:3   | Noticed a greater mummy
 89971 | Tomb:3   | Killed a greater mummy
 90000 | Tomb:3   | Noticed a greater mummy
 90002 | Tomb:3   | Killed a greater mummy
 90003 | Tomb:3   | Killed a greater mummy
 90005 | Tomb:3   | Noticed a greater mummy
 90006 | Tomb:3   | Killed a greater mummy
 90016 | Tomb:3   | Noticed a greater mummy
 90019 | Tomb:3   | Killed a greater mummy
 90020 | Tomb:3   | Noticed a greater mummy
 90028 | Tomb:3   | Killed a greater mummy
 90032 | Tomb:3   | Killed a greater mummy
 90036 | Tomb:3   | Noticed a greater mummy
 90052 | Tomb:3   | Noticed a greater mummy
 90052 | Tomb:3   | Killed a greater mummy
 90060 | Tomb:3   | Killed a greater mummy
 90184 | Tomb:3   | Got a smoking ruby amulet
 90291 | Tomb:3   | Identified the Reference Book on Dusty Sinister Rituals
 90295 | Tomb:3   | Identified the Reference Book on Confrontation
 90348 | Tomb:3   | Identified the amulet "Vounakag" {Acrobat rF+ Str+4 Dex+3}
                  | (You found it on level 3 of the Tomb of the Ancients)
 90400 | Tomb:3   | Got a golden rune of Zot
 90437 | Tomb:3   | // no shatte
 91245 | Zot:5    | Got the Orb of Zot
 91772 | D:1      | Noticed Tysuat the pandemonium lord
 91822 | D:$      | Escaped with the Orb!

Levels and vault maps discovered:
D:1:      dpeg_arrival_more_subterranean_lakeside_camping, layout_basic
D:2:      layout_basic, minitemple
D:3:      layout_loops_cross
D:4:      layout_basic, first_ration, hex_medium, uniq_sigmund
D:5:      layout_basic, serial_shops, shop, uniq_duvessa
D:6:      layout_basic, ebering_ghost_rock_garden, chequers_jeans
D:7:      layout_basic, minmay_temple_entry_glass, the_bakery, minmay_shop_chei
D:8:      layout_cave_pods, elyvilon_altar_4, serial_rivers,
          chequers_serial_rivers_marsh, chequers_serial_rivers_marsh,
          chequers_serial_rivers_micro_c, chequers_serial_rivers_micro_d,
          uniq_pikel
D:9:      layout_small_grid, uniq_prince_ribbit1
D:10:     layout_long_grid, orc_0_dummy, serial_shops, kennysheep_mini_moat,
          lemuel_centaur_altar
D:11:     layout_loops_corners, lair_entry_dummy, uniq_harold, uniq_urug,
          uniq_erolcha
D:12:     layout_irregular_city, gauntlet_entry_generic, doesnt_xom_only_xom,
          uniq_azrael, uniq_rupert
D:13:     layout_rooms, skrybe_vaults_entry_preservation, uniq_snorg
D:14:     layout_basic, minmay_strange_pillars, minmay_the_grid_2x2
          [minmay_the_grid_all_tris, minmay_the_grid_doors,
          minmay_the_grid_outer_circle, minmay_the_grid_prize_trominoes]
D:15:     grunt_enter_depths_snipers, layout_irregular_city,
          hangedman_decor_clover_reticule
Temple:   bh_familiar_temple
Lair:1:   dragon1_lemuel, layout_regular_city, basic_altar,
          nicolae_quartered_pool_super, grunt_megastairs_4,
          serial_bayou_shore_a, lemuel_fruit_tree
Lair:2:   layout_cave_shapes, minmay_lair_oklob_chamber,
          infiniplex_staircase_pool, grunt_megastairs_5
Lair:3:   layout_misc_corridors, grunt_megastairs_1
Lair:4:   layout_cave_pods, shoals_dummy_entry, spider_nest_entry_funnel_web,
          basic_altar, portal_ice_cave_entry_pillars_1, serial_bayou_lake_a
Lair:5:   gammafunk_mikee_crab_dinner, layout_hall_layers, slime_altar_2,
          chequers_serial_rivers_micro_e
Lair:6:   gammafunk_lair_ancient_temple, layout_long_grid, basic_altar
Shoals:1: layout_shoals, gammafunk_ghost_berserking_beasts,
          nicolae_shoals_arrival_archipelago
Shoals:2: layout_shoals, gammafunk_ghost_berserking_beasts
Shoals:3: layout_shoals
Shoals:4: shoals_end_simple, layout_shoals, uniq_donald
Spider:1: layout_spider_delve, guppyfry_spider_mini_2
Spider:2: layout_spider_delve, uniq_asterion, uniq_frances, uniq_arachne
Spider:3: layout_spider_delve
Spider:4: grunt_spider_rune_island
Slime:1:  layout_caves
Slime:2:  layout_caves, basic_altar
Slime:3:  layout_caves
Slime:4:  layout_caves, nicolae_slime_welcoming_committee
Slime:5:  uniq_dissolution
Orc:1:    layout_caves
Orc:2:    grunt_orc_tribal_feast, layout_caves
Elf:1:    minmay_elf_arrival_plus, layout_loops_cross, serial_shops, shop,
          evilmike_minifort
Elf:2:    layout_gridlike, serial_shops, nicolae_shop_waterfront,
          minmay_elf_annihilation
Elf:3:    minmay_elf_hall_hex, layout_geoelf_castle, uniq_louise
Vaults:1: ontoclasm_vaults_claustrophobia, nicolae_vaults_three_branches,
          hangedman_vaults_restitches, vaults_mumra_hexcomb,
          hangedman_vaults_river_flow, nicolae_vaults_network_quinsquares
          [nicolae_vaults_network_quincunx_subvault,
          nicolae_vaults_network_quincunx_subvault,
          nicolae_vaults_network_quincunx_subvault,
          nicolae_vaults_network_quincunx_subvault], vaults_dpeg_ring,
          hangedman_vaults_nails, layout_vaults_omnigrid
Vaults:2: ontoclasm_vaults_misaligned, hangedman_vaults_hat,
          nicolae_vaults_statue_guard, hangedman_vaults_trim,
          hangedman_vaults_slither, nicolae_vaults_inception_scallops,
          minmay_crypt_entry_simple_box, v_misc_30,
          nicolae_vaults_little_squares_6, vaults_standard_mumra_lines,
          nicolae_vaults_ninety_degrees, ontoclasm_vaults_decontamination,
          ontoclasm_vaults_loading_screen, nicolae_vaults_little_ls,
          layout_vaults_omnibox, basic_altar, serial_shops, nicolae_shop_trees,
          uniq_sojobo, uniq_saint_roka
Vaults:3: vaults_mumra_minichess_inversion, nicolae_vaults_circle_grid_b,
          v_misc_1, ontoclasm_vaults_ring_large, hangedman_vaults_maws,
          vaults_room_corners, layout_vaults_chaotic_city, serial_shops, shop,
          uniq_boris
Vaults:4: dpeg_vaults_monster_box, v_rooms_4, nicolae_vaults_triangles,
          hangedman_vaults_variations, v_misc_8, ontoclasm_vaults_spin,
          vaults_dpeg_doors, vaults_mumra_chevron, layout_vaults_omnicross,
          uniq_frederick
Vaults:5
Crypt:1:  layout_chaotic_city, gammafunk_ghost_crypt,
          grunt_crypt_arrival_webbed, uniq_mara
Crypt:2:  layout_misc_corridors, nicolae_crypt_ancient_font, uniq_bai_suzhen
Crypt:3:  due_elkab, layout_chaotic_city, grunt_ministairs_6
Tomb:1
Tomb:2
Tomb:3
Depths:1: layout_cave_pools, enter_ziggurat_c, serial_sigils_hangedman_shear,
          grunt_hell_entry_dis_old, abyss_entry, due_unseen_surprise,
          minmay_shop_star, uniq_aizul
Depths:2: minmay_fractal_lines_corner, layout_twisted_cross,
          pf_vacation_house_of_asmodeus, infiniplex_staircase_pool_2
Depths:3: grunt_twist_and_shout, layout_gridville, rand_demon_pan_entry_9,
          hangedman_decor_growths, hell_entry, minmay_staircase_windowed_small,
          uniq_jory
Depths:4: grated_community_mu [grated_community_mu_vampire_home,
          grated_community_mu_giant_home, grated_community_mu_spellcaster_home,
          grated_community_mu_orcish_home, grated_community_mu_troll_home,
          grated_community_mu_taur_home, grated_community_mu_unbuilt_plot],
          layout_gridlike, nrook_uturn, hangedman_coc_ice_floe,
          rand_demon_pan_entry_5, marbit_kobold_abyss_entry
Depths:5: evilmike_zot_entry_diamond, layout_gridlike, hell_entry,
          corexii_leaking_fountain, abyss_entry, guppyfry_shop_blood,
          minmay_shop_grove, infiniplex_staircase_pool_lava,
          serial_bayou_shore_b
Hell
Dis:1:    layout_subdivisions
Dis:2:    layout_overlapping_boxes, hangedman_player_shredder
Dis:3:    layout_jigsaw
Dis:4:    hangedman_dis_monolith, layout_regular_city
Dis:5:    layout_subdivisions
Dis:6:    layout_gridville
Dis:7:    iron_city_of_dis [dis_grunt, dis_wall_7], layout_chaotic_city
Geh:1:    layout_gehenna_lava_caves, lemuel_flamethrower_2
Geh:2:    layout_gehenna_pools_box, lemuel_elevator
Geh:3:    layout_gehenna_lava_caves
Geh:4:    layout_gehenna_lava_caves, hangedman_elemental_grid_stream
Geh:5:    layout_gehenna_lava_caves, nicolae_geh_single_fiery_grave
Geh:6:    layout_gehenna_pools_triple
Geh:7:    geh_grunt
Coc:1:    layout_ice_bergs
Coc:2:    layout_cocytus_water_paths, serial_ice
Coc:3:    layout_ice_bergs
Coc:4:    layout_ice_bergs
Coc:5:    layout_ice_bergs
Coc:6:    layout_cocytus_water_paths
Coc:7:    coc_grunt
Tar:1:    layout_grid_maze, grunt_megastairs_2
Tar:2:    layout_cathedral_of_symmetry
Tar:3:    layout_cathedral_of_symmetry
Tar:4:    layout_catacombs
Tar:5:    layout_grid_maze, hangedman_mysterious_dungeon_monster_house
Tar:6:    layout_catacombs, nicolae_tar_cuneiform_three
Tar:7:    tar_minmay_river
Zot:1:    layout_onion, st_stairs_9
Zot:2:    kennysheep_oblong_rooms, layout_basic, drop_trap, st_stairs_9
Zot:3:    infiniplex_zot_generator, layout_twisted_circle
Zot:4:    layout_onion_interference
Zot:5:    layout_concentric_octagons, hangedman_zot_decor_slant

Skill      XL: |  1  2  3  4  5  6  7  8  9 10 11 12 13 14 15 16 17 18 19 20 21 22 23 24 25 26 27 |
---------------+----------------------------------------------------------------------------------+-----
Fighting       | 2 3 4 5 6 7 8 9 10 11 12 13 14 15 16 18 19 20 25 | 25.9
Stealth        | 1 10 | 10.1
Unarmed Combat | 4 5 6 7 8 10 11 12 13 15 16 18 20 21 22 27 | 27.0
Throwing       | 2 3 4 5 7 8 9 10 11 12 13 14 15 16 | 16.0
Evocations     | 1 2 3 4 5 6 7 8 9 10 | 10.0
Shields        | 1 2 4 5 7 8 9 10 13 15 | 15.0
Invocations    | 1 2 3 4 5 7 8 10 24 | 24.4
Armour         | 2 3 4 5 6 8 9 10 11 12 | 12.0
Dodging        | 3 4 5 6 8 9 10 16 | 16.6
Translocations | 2 8 |  8.0
Spellcasting   | 6 16 | 16.0
Earth Magic    | 6 27 | 27.0
Transmutations | 8 |  8.0
Summonings     | 9 |  9.0
Air Magic      | 4 |  4.0

Action                   |  1- 3 |  4- 6 |  7- 9 | 10-12 | 13-15 | 16-18 | 19-21 | 22-24 | 25-27 || total
-------------------------+-------+-------+-------+-------+-------+-------+-------+-------+-------++-------
Melee: Unarmed           |    86 |   174 |   325 |   538 |  1129 |  1146 |   427 |   935 |  6579 || 11339
       Punch             |       |     2 |       |       |       |       |       |       |       ||     2
Throw: Dart              |    10 |    13 |    47 |    16 |     7 |    17 |       |     1 |     2 ||   113
       Stone             |       |     4 |       |       |       |       |       |       |       ||     4
       Throwing net      |       |     1 |     2 |     2 |       |     4 |       |       |     5 ||    14
       Boomerang         |       |       |       |    75 |   199 |   557 |   177 |       |   139 ||  1147
       Large rock        |       |       |       |    19 |       |     9 |    23 |   236 |   359 ||   646
       Javelin           |       |       |       |    10 |    83 |   150 |   279 |   358 |   583 ||  1463
 Cast: Statue Form       |       |       |       |       |       |       |       |       |   172 ||   172
       Apportation       |       |       |       |       |       |       |       |       |    86 ||    86
       Aura of Abjuratio |       |       |       |       |       |       |       |       |    27 ||    27
       Passwall          |       |       |       |       |       |       |       |       |    17 ||    17
       Blink             |       |       |       |       |       |       |       |       |     7 ||     7
       Portal Projectile |       |       |       |       |       |       |       |       |     6 ||     6
       Summon Lightning  |       |       |       |       |       |       |       |       |     5 ||     5
       Passage of Golubr |       |       |       |       |       |       |       |       |     2 ||     2
Invok: Heroism           |       |       |     3 |    26 |    44 |    45 |    24 |    43 |    54 ||   239
       Finesse           |       |       |       |     1 |     6 |     6 |     2 |     8 |    12 ||    35
       Cleansing Flame   |       |       |       |       |       |       |       |       |   265 ||   265
       Summon Divine War |       |       |       |       |       |       |       |       |    28 ||    28
       Divine Shield     |       |       |       |       |       |       |       |       |    14 ||    14
 Abil: Evoke Flight      |       |       |       |       |     1 |       |       |       |       ||     1
       Evoke Invisibilit |       |       |       |       |       |       |     1 |     1 |     7 ||     9
       End Transformatio |       |       |       |       |       |       |       |       |     6 ||     6
Evoke: Wand              |       |       |     1 |     4 |     6 |    17 |    12 |     7 |    24 ||    71
       Lamp of fire      |       |       |       |       |     1 |     5 |     1 |     2 |     8 ||    17
       Lightning rod     |       |       |       |       |       |     4 |       |     4 |       ||     8
  Use: Scroll            |     3 |    10 |     7 |     9 |    11 |    14 |     9 |    10 |    90 ||   163
       Potion            |       |       |       |     3 |     4 |     3 |     2 |       |    48 ||    60
 Stab: Sleeping          |     2 |       |       |     3 |       |     4 |       |       |     2 ||    11
       Held in net/web   |       |     1 |     1 |     1 |       |     5 |       |       |     2 ||    10
       Invisible         |       |       |       |       |     1 |     1 |     5 |    11 |     8 ||    26
       Paralysed         |       |       |       |       |     7 |     1 |       |       |     3 ||    11
       Petrified         |       |       |       |       |       |     1 |       |       |       ||     1
       Distracted        |       |       |       |       |       |     1 |       |       |     1 ||     2
       Confused          |       |       |       |       |       |       |       |       |     2 ||     2
  Eat: Chunk             |    15 |    19 |    40 |    60 |    80 |    89 |    53 |    85 |   125 ||   566
       Ration            |       |       |       |       |     2 |       |       |     1 |   123 ||   126
Armor: Robe              |    28 |    43 |    54 |    34 |    10 |       |       |       |       ||   169
       Troll leather arm |       |       |       |    41 |       |       |       |       |       ||    41
       Swamp dragon scal |       |       |       |       |   172 |   264 |    56 |   167 |   214 ||   873
       Skin              |       |       |       |       |     2 |       |       |       |   849 ||   851
       Acid dragon scale |       |       |       |       |       |       |       |       |    18 ||    18
       Gold dragon scale |       |       |       |       |       |       |       |       |   751 ||   751
Dodge: Dodged            |    42 |    78 |    63 |   116 |   253 |   370 |   127 |   303 |  1703 ||  3055
Block: Large shield      |       |       |   118 |   374 |   872 |   899 |       |       |  7027 ||  9290
       Shield            |       |       |       |       |       |    91 |   266 |   625 |   304 ||  1286
       Reflection        |       |       |       |       |       |       |       |       |   204 ||   204
